 Dungeon Crawl Stone Soup version 0.31.0-11-ge490571c62 (webtiles) character file.

Game seed: 6229427812062223574

55700997 Flugkiller the Archmage (level 27, 198/198 HPs)
             Began as a Vine Stalker Ice Elementalist on Feb 3, 2024.
             Was a Priest of Sif Muna.
             Escaped with the Orb
             ... and 15 runes
             ... and 10 gems (8 intact) on Feb 4, 2024!
             The game lasted 07:44:46 (26419 turns).

Flugkiller the Archmage (VSIE)                     Turns: 26419, Time: 07:44:47

Health: 198/198    AC: 36    Str:  9    XL:     27
Magic:  61/64      EV: 15    Int: 31    God:    Sif Muna [***...]
Gold:   4824       SH:  8    Dex: 13    Spells: 7/80 levels left

rFire   + + .        c - +3 Elemental Staff {ele, rElec rF+ rC+ AC+3}
rCold   + + +        Z - +3 buckler {AC+3}
rNeg    + + .        Q - melded +3 troll leather armour
rPois   ∞            B - +2 helmet
rElec   +            V - scarf {rC+ rF+}
rCorr   .            X - melded +1 pair of gloves of Honour {Fly rN+++ Will+ Stlth-}
SInv    +            L - melded +2 pair of boots {Stlth+}
Will    ++++.        P - amulet of Demons {RegenMP rC+++ Regen+ Dex-4}
Stlth   +            j - ring of Contentment {Wiz rC+++ Str-4 SInv Stlth+}
HPRegen 2.13/turn    k - ring "Kosanex" {rN+ Will+ MP+9 Int+6}
MPRegen 0.79/turn

%: guardian spirit, wizardry (x1)
@: statue-form, calling dragons, studying 4 skills, very slow
A: slow and powerful, torment resistance 1, boosted hp, fangs 3, regeneration 1,
magic shield, antimagic bite, no potion heal 2, wild magic 1, evolution 1
0: Orb of Zot
}: 15/15 runes: decaying, slimy, silver, golden, iron, obsidian, icy, bone,
abyssal, demonic, glowing, magical, fiery, dark, gossamer
a: Begin Untransformation, Renounce Religion, Channel Magic, Forget Spell


You escaped.
You worshipped Sif Muna.
Sif Muna was most pleased with you.
You were a living statue of rough stone.
You visited 18 branches of the dungeon, and saw 88 of its levels.
You visited Pandemonium 1 time, and saw 15 of its levels.
You visited the Abyss 2 times.
You visited 1 bazaar.
You visited 1 ziggurat, and saw 8 of its levels.
You also visited: Sewer and Ice Cave.

You collected 5622 gold pieces.
You spent 798 gold pieces at shops.

Inventory:

Hand Weapons
 c - the +3 Elemental Staff (weapon) {ele, rElec rF+ rC+ AC+3}
   (You found it on level 3 of the Tomb of the Ancients)

   AC+3:      It affects your AC (+3).
   rF+:       It protects you from fire.
   rC+:       It protects you from cold.
   rElec:     It insulates you from electricity.
 e - the +10 dagger "Nitz" {heavy, rF- rCorr Int+5 Dex+9}
   (You found it on level 2 of the Vaults)

   Int+5:     It affects your intelligence (+5).
   Dex+9:     It affects your dexterity (+9).
   rF-:       It makes you vulnerable to fire.
   rCorr:     It protects you from acid and corrosion.
 J - a +0 dagger of distortion
   (You took it off Sonja on level 12 of the Dungeon)
Missiles
 E - a throwing net
 N - 12 curare-tipped darts (quivered)
Armour
 a - an orb of energy
   (You found it on level 4 of the Spider Nest)
 z - a +2 kite shield of fire resistance
   (You took it off a demonspawn warmonger in Pandemonium)
 A - the +0 cloak "Hext" {rN+}
   (You found it on level 2 of the Elven Halls)

   rN+:       It protects you from negative energy.
 B - a +2 helmet (worn)
   (You found it on level 5 of the Vaults)
 L - a +2 pair of boots of stealth (melded)
   (You found it on level 5 of the Pits of Slime)
 Q - a +3 troll leather armour (melded)
   (You found it on level 11 of the Dungeon)
 V - a scarf of resistance (worn)
   (You found it on level 5 of the Vaults)
 X - the +1 pair of gloves of Honour (melded) {Fly rN+++ Will+ Stlth-}
   (You bought it in a shop in a bazaar)

   rN+++:     It renders you almost immune to negative energy.
   Will+:     It increases your willpower.
   Fly:       It grants you flight.
   Stlth-:    It makes you less stealthy.
 Z - a +3 buckler of protection (worn)
   (You took it off a tengu reaver on level 2 of the Depths)
Magical Staves
 b - the staff of the Final Chapter {Fly Int+4 Dex+2 Conj}
   (You found it in Pandemonium)

   [staff of conjuration]

   Base accuracy: +5 Base damage: 5 Base attack delay: 1.2 This weapon's minimum
   attack delay (0.6) is reached at skill level 12.
   Int+4:     It affects your intelligence (+4).
   Dex+2:     It affects your dexterity (+2).
   Fly:       It grants you flight.
   Conj:      It increases the power of your Conjurations spells.
   It falls into the 'Staves' category.
   It is a one-handed weapon.
 f - the staff "Widowermaker" {rPois rN+ Str+3 Necro}
   (You found it in Pandemonium)

   [staff of death]

   Base accuracy: +5 Base damage: 5 Base attack delay: 1.2 This weapon's minimum
   attack delay (0.6) is reached at skill level 12.
   Str+3:     It affects your strength (+3).
   rPois:     It protects you from poison rN+: It protects you from negative
   energy.
   Necro:     It increases the power of your Necromancy spells.
   It falls into the 'Staves' category.
   It is a one-handed weapon.
Jewellery
 j - the ring of Contentment (left fist) {Wiz rC+++ Str-4 SInv Stlth+}
   (You found it on level 5 of the Pits of Slime)

   [ring of wizardry]

   Wiz:       It improves your spell success rate.
   Str-4:     It affects your strength (-4).
   rC+++:     It renders you almost immune to cold.
   SInv:      It lets you see invisible.
   Stlth+:    It makes you more stealthy.
 k - the ring "Kosanex" (right fist) {rN+ Will+ MP+9 Int+6}
   (You found it on level 5 of the Pits of Slime)

   [ring of intelligence]

   Int+6:     It affects your intelligence (+6).
   rN+:       It protects you from negative energy.
   Will+:     It increases your willpower.
   MP+9:      It affects your magic capacity (+9).
 m - a ring of willpower
   (You took it off Erica on level 8 of the Dungeon)
 p - a ring of protection from fire
   (You found it on level 5 of the Vaults)
 v - a +5 ring of evasion
   (You found it on level 12 of the Dungeon)
 y - a ring of resist corrosion
   (You found it on level 8 of the Dungeon)
 O - the ring "Fufatu" {rF+ Dex+6}
   (You found it in Pandemonium)

   [ring of dexterity]

   Dex+6:     It affects your dexterity (+6).
   rF+:       It protects you from fire.
 P - the amulet of Demons (around neck) {RegenMP rC+++ Regen+ Dex-4}
   (You took it off a deep elf demonologist on level 3 of the Elven Halls)

   [amulet of magic regeneration]

   RegenMP:   It increases your rate of magic regeneration.
   Dex-4:     It affects your dexterity (-4).
   rC+++:     It renders you almost immune to cold.
   Regen+:    It increases your rate of health regeneration.
 T - a ring of wizardry
   (You found it on level 3 of the Lair of Beasts)
Talismans
 g - a granite talisman (active)
   (You found it on level 5 of the Vaults)
Wands
 r - a wand of mindburst (40)
   (You found it on level 3 of the Elven Halls)
 D - a wand of digging (18)
   (You found it on level 4 of the Spider Nest)
 H - a wand of charming (21)
   (You found it on level 3 of the Elven Halls)
 S - a wand of roots (36)
   (You took it off Erolcha on level 9 of the Dungeon)
 W - a wand of quicksilver (23)
   (You found it on level 3 of the Lair of Beasts)
Scrolls
 d - 3 scrolls of fear
 t - 10 scrolls of teleportation
 w - 5 scrolls of fog
 C - 6 scrolls of vulnerability
 F - 5 scrolls of immolation
 M - 2 scrolls of torment
Potions
 i - 6 potions of ambrosia
 l - 2 potions of cancellation
 q - 15 potions of curing
 x - 3 potions of lignification
 I - 7 potions of enlightenment
 U - 4 potions of mutation
Miscellaneous
 o - a phial of floods
   (You found it on level 5 of the Lair of Beasts)
 G - a figurine of a ziggurat
 K - a phantom mirror
   (You found it on level 12 of the Dungeon)
 Y - the horn of Geryon
   (You took it off Geryon in the Vestibule of Hell)


   Skills:
 + Level 22.2 Fighting
 - Level 10.0 Dodging
 - Level 2.4 Stealth
 - Level 4.0 Shields
 O Level 27 Spellcasting
 - Level 11.0 Conjurations
 - Level 22.0 Summonings
 - Level 18.0 Necromancy
 - Level 4.0 Translocations
 - Level 14.8 Fire Magic
 - Level 7.6 Ice Magic
 O Level 27 Earth Magic
 - Level 12.0 Invocations
 - Level 2.0 Evocations
 - Level 16.0 Shapeshifting


You had 7 spell levels left.
You knew the following spells:

 Your Spells              Type           Power      Damage    Failure   Level
a - Infestation           Necr           57%        N/A       2%          8
b - Dragon's Call         Summ           62%        N/A       6%          9
c - Ozocubu's Armour      Ice            100%       N/A       1%          3
d - Lehudib's Crystal Sp  Conj/Erth      71%        10d16     1%          8
e - Spellforged Servitor  Conj/Summ      56%        N/A       1%          7
f - Shatter               Erth           79%        3d58*     1%          9
g - Summon Horrible Thin  Summ           62%        N/A       1%          8
h - Borgnjor's Vile Clut  Necr/Erth      75%        N/A       1%          5
i - Passwall              Erth           100%       N/A       1%          3
k - Passage of Golubria   Tloc           72%        N/A       1%          4
q - Apportation           Tloc           100%       N/A       1%          1
I - Ignition              Fire           65%        3d17      8%          8

Your spell library contained the following spells:

 Spells                   Type           Power      Damage    Failure   Level
 Foxfire                  Conj/Fire      100%       2x1d9     1%          1
 Freeze                   Ice            100%       1d10      1%          1
 Kiss of Death            Conj/Necr      100%       2d13      1%          1
 Magic Dart               Conj           100%       1d8       1%          1
 Necrotise                Necr           100%       1d9       1%          1
 Sandblast                Erth           100%       2d20      1%          1
 Shock                    Conj/Air       100%       1d9       1%          1
 Slow                     Hex            100%       N/A       1%          1
 Sting                    Conj/Alch      100%       1d9       1%          1
 Summon Small Mammal      Summ           100%       N/A       1%          1
 Blink                    Tloc           100%       N/A       1%          2
 Call Imp                 Summ           100%       N/A       1%          2
 Cigotuvi's Dreadful Rot  Necr/Alch/Air  100%       N/A       1%          2
 Ensorcelled Hibernation  Hex/Ice        100%       N/A       1%          2
 Jinxbite                 Hex            100%       N/A       1%          2
 Lesser Beckoning         Tloc           100%       N/A       1%          2
 Mercury Vapours          Alch/Air       100%       N/A       1%          2
 Momentum Strike          Conj/Tloc      100%       3d10      1%          2
 Scorch                   Fire           100%       2d9       1%          2
 Searing Ray              Conj           100%       2d8       1%          2
 Static Discharge         Conj/Air       100%       3-8/arc   1%          2
 Call Canine Familiar     Summ           100%       N/A       1%          3
 Confusing Touch          Hex            53%        N/A       1%          3
 Dazzling Flash           Conj/Hex       100%       N/A       1%          3
 Frozen Ramparts          Ice            100%       1d16      1%          3
 Fugue of the Fallen      Necr           100%       N/A       1%          3
 Gell's Gravitas          Tloc           72%        N/A       1%          3
 Hailstorm                Conj/Ice       100%       3d16      1%          3
 Inner Flame              Hex/Fire       100%       N/A       1%          3
 Mephitic Cloud           Conj/Alch/Air  90%        N/A       1%          3
 Sigil of Binding         Hex            53%        N/A       1%          3
 Stone Arrow              Conj/Erth      100%       3d13      1%          3
 Summon Ice Beast         Ice/Summ       100%       N/A       1%          3
 Swiftness                Air            69%        N/A       1%          3
 Teleport Other           Tloc           72%        N/A       1%          3
 Tukima's Dance           Hex            53%        N/A       1%          3
 Vampiric Draining        Necr           100%       2d13      1%          3
 Volatile Blastmotes      Fire/Tloc      100%       2d18      1%          3
 Anguish                  Hex/Necr       45%        N/A       1%          4
 Animate Armour           Summ/Erth      100%       N/A       1%          4
 Animate Dead             Necr           100%       N/A       1%          4
 Brom's Barrelling Bould  Conj/Erth      100%       2d11      1%          4
 Dispel Undead            Necr           100%       3d31      1%          4
 Flame Wave               Conj/Fire      100%       2d21      1%          4
 Fulminant Prism          Conj/Alch      39%        3d17      1%          4
 Ignite Poison            Fire/Alch      100%       N/A       1%          4
 Iskenderun's Mystic Bla  Conj/Tloc      86%        2d17      1%          4
 Leda's Liquefaction      Alch/Erth      63%        N/A       1%          4
 Manifold Assault         Tloc           72%        N/A       1%          4
 Martyr's Knell           Necr/Summ      100%       N/A       1%          4
 Petrify                  Alch/Erth      100%       N/A       1%          4
 Sticky Flame             Fire/Alch      100%       2d15      1%          4
 Summon Blazeheart Golem  Fire/Summ      100%       N/A       1%          4
 Summon Lightning Spire   Summ/Air       100%       N/A       1%          4
 Arcjolt                  Conj/Air       49%        1d59      1%          5
 Curse of Agony           Necr           100%       N/A       1%          5
 Fireball                 Conj/Fire      63%        3d24      1%          5
 Freezing Cloud           Conj/Ice/Air   62%        6-21      1%          5
 Irradiate                Conj/Alch      39%        3d24      1%          5
 Iskenderun's Battlesphe  Conj           97%        2d14      1%          5
 Lee's Rapid Deconstruct  Erth           79%        3d35*     1%          5
 Summon Forest            Summ/Tloc      51%        N/A       1%          5
 Summon Mana Viper        Hex/Summ       97%        N/A       1%          5
 Bombard                  Conj/Erth      71%        9d11      1%          6
 Death Channel            Necr           57%        N/A       1%          6
 Starburst                Conj/Fire      63%        6d17      1%          6
 Summon Cactus Giant      Summ           62%        N/A       1%          6
 Haunt                    Necr/Summ      60%        N/A       1%          7
 Monstrous Menagerie      Summ           62%        N/A       1%          7
 Summon Hydra             Summ           62%        N/A       1%          7
 Dimensional Bullseye     Hex/Tloc       31%        N/A       2%          4
 Vhi's Electric Charge    Tloc/Air       100%       N/A       2%          4
 Malign Gateway           Summ/Tloc      51%        N/A       2%          7
 Metabolic Englaciation   Hex/Ice        45%        N/A       3%          5
 Plasma Beam              Fire/Air       65%        2x1d81    4%          6
 Orb of Destruction       Conj           48%        9d13      4%          7
 Airstrike                Air            34%        2d(5-21)  5%          4
 Cause Fear               Hex            26%        N/A       5%          4
 Olgreb's Toxic Radiance  Alch           53%        N/A       5%          4
 Conjure Ball Lightning   Conj/Air       49%        3x3d17    8%          6
 Alistair's Intoxication  Alch           35%        N/A       12%         5
 Silence                  Hex/Air        34%        N/A       12%         5
 Yara's Violent Unravell  Hex/Alch       26%        3d11      12%         5
 Dispersal                Tloc           36%        N/A       13%         6
 Sculpt Simulacrum        Ice/Alch       45%        N/A       14%         6
 Ozocubu's Refrigeration  Ice            54%        4d19      16%         7
 Eringya's Noxious Bog    Alch           26%        4d6       50%         6
 Enfeeble                 Hex            26%        N/A       95%         7
 Borgnjor's Revivificati  Necr           57%        N/A       2%          8
 Death's Door             Necr           57%        N/A       26%         9
 Fire Storm               Conj/Fire      63%        8d16      87%         9
 Disjunction              Tloc           36%        N/A       99%         8
 Discord                  Hex            26%        N/A       100%        8
 Maxwell's Capacitive Co  Air            34%        ∞         100%        8
 Chain Lightning          Conj/Air       49%        3d66      100%        9
 Polar Vortex             Ice            54%        12d7*     100%        9
 Sublimation of Blood     Necr           Unusable   N/A       N/A         2

Dungeon Overview and Level Annotations

Branches:
Dungeon (15/15)            Temple (1/1) D:4            Lair (5/5) D:11
  Swamp (4/4) Lair:2       Spider (4/4) Lair:2        Slime (5/5) Lair:5
    Orc (2/2) D:11            Elf (3/3) Orc:2        Vaults (5/5) D:14
  Crypt (3/3) Vaults:2       Tomb (3/3) Crypt:3      Depths (4/4) D:15
   Hell (visited)             Dis (7/7) Hell            Geh (7/7) Hell
    Coc (7/7) Hell            Tar (7/7) Hell            Zot (5/5) Depths:4
  Sewer (visited)           IceCv (visited)

Altars:
Ashenzari
Cheibriados
Dithmenos
Elyvilon
Fedhas
Gozag
Hepliaklqana
Kikubaaqudgha
Makhleb
Nemelex Xobeh
Okawaru
Qazlal
Ru
Sif Muna
Uskayaw
Vehumet
Wu Jian
Xom
Yredelemnul
Zin
The Shining One
Jiyva

Shops:
D:10 *   Orc:2 :(**

Portals:
Hell: Depths:1 Depths:2 Depths:4
Abyss: Depths:1 Depths:3
Pandemonium: Depths:2

Annotations:
D:2 Robin
D:6 2 runed translucent doors, sanka's ghost, novice MfSh
D:8 3 runed translucent doors, dakkaduck's ghost, novice MiBe
D:11 3 runed translucent doors, NitroKuite's ghost, journeyman TrMo
Lair:2 spider
Tar:7 Ereshkigal
Zot:3 1 runed translucent door, Uneer's ghost, legendary GnFE
Zot:5 exclusion: obsidian statue


Innate Abilities, Weirdness & Mutations

You are a living statue of rough stone.
Your actions are slow, but your melee attacks are powerful.
You are resistant to unholy torment.
Your maximum health is greatly increased.
Your equipment is partially melded.
You are immune to poison.
You have razor-sharp teeth.
Your natural rate of healing is unusually fast.
When hurt, damage is shared between your health and your magic reserves.
Your bite disrupts and absorbs the magic of your enemies.
Potions cannot restore your health.
Your spells are a little harder to cast, but a little more powerful.
You have hidden genetic potential.


Message History

Your shadow dragon closely misses the angel.
Your passage of Golubria closes with a snap!
Unknown command.
You feel less invigorated. A dragon arrives to answer your call!
You hear an angry hiss.
Your quicksilver dragon closely misses the angel.
Your quicksilver dragon claws the angel.
The angel hits your shadow dragon with a +3 whip of holy wrath!
The angel hits your shadow dragon but does no damage.
Your quicksilver dragon breathes dispelling energy at the angel.
The bolt of dispelling energy hits the angel!!
Your shadow dragon bites the angel!
Your shadow dragon claws the angel!
Your shadow dragon completely misses the angel.
Your shadow dragon bites the angel!
Your shadow dragon claws the angel.
Your shadow dragon claws the angel but does no damage.
The angel hits your shadow dragon with a +3 whip of holy wrath!
The angel hits your shadow dragon but does no damage.
Your golden dragon breathes cold at the angel.
The bolt of cold hits your shadow dragon.
Your shadow dragon resists.
The bolt of cold hits the angel!
Unknown command.
The angel hits your shadow dragon with a +3 whip of holy wrath! x2
Your shadow dragon bites the angel.
Your shadow dragon barely misses the angel.
Your shadow dragon completely misses the angel.
The angel hits your large abomination with a +3 whip of holy wrath!
Your large abomination convulses!
The angel hits your large abomination with a +3 whip of holy wrath!
Your large abomination convulses.
Your shadow dragon misses the angel.
Your shadow dragon barely misses the angel.
Your shadow dragon claws the angel but does no damage.
Your iron dragon disappears in a puff of smoke!
Your shadow dragon disappears in a puff of smoke!
Your golden dragon disappears in a puff of smoke!
A kobold comes into view. It is wielding a +0 short sword.
Aiming: Dig
Press: ? - help, Shift-Dir - straight line, f - you Please select a direction to dig.
This square is covered in magical glow.
The rock shatters into small pieces.
A dragon arrives to answer your call! Something hits your large abomination.
Your large abomination convulses.
Something hits your large abomination but does no damage.
The kobold hits your large abomination with a +0 short sword.
Your ice dragon breathes frost at the kobold.
The blast of cold hits the kobold!!
The kobold dies!
Sif Muna accepts your kill.
You hear an angry hiss.
Unknown command.
Casting: Borgnjor's Vile Clutch (safe; 1% risk of failure)
Confirm with . or Enter, or press ? or * to list all spells.
Aiming: Passage of Golubria (mildly dangerous; 1% risk of failure)
Press: ? - help, Dir - move target Your large abomination disappears in a puff of smoke!
The angel hits your large abomination with a +3 whip of holy wrath!!
Your large abomination convulses!!
Your large abomination is destroyed!
Your large abomination disappears in a puff of smoke!
Your ice dragon closely misses the angel.
Your ice dragon misses the angel.
Your ice dragon tramples the angel!
The angel holds its ground!
You enter the passage of Golubria.
There is a passage of Golubria here.
Unknown command.
Aiming: Dig
Press: ? - help, Shift-Dir - straight line A rock wall.
This square is covered in magical glow.
The rock shatters into small pieces.
Unknown command.
Casting: Passage of Golubria (mildly dangerous; 1% risk of failure)
Confirm with . or Enter, or press ? or * to list all spells.
Aiming: Passage of Golubria (mildly dangerous; 1% risk of failure)
Press: ? - help, Dir - move target Your quicksilver dragon enters the passage of Golubria.
Unknown command.
You enter the passage of Golubria.
Aiming: Dig
Press: ? - help, Shift-Dir - straight line A rock wall.
This square is covered in magical glow.
The rock shatters into small pieces.
Your quicksilver dragon disappears in a puff of smoke!
Your large abomination disappears in a puff of smoke!
Unknown command.
Something hits your ice dragon! Something hits your ice dragon.
Your ice dragon closely misses the angel.
Your ice dragon claws the angel but does no damage.
Your ice dragon misses the angel.
There is a staircase leading out of the dungeon here.
You are a level 27 Vine Stalker Ice Elementalist.
I'm sorry, level 27 is as high as you can go.
With the way you've been playing, I'm surprised you got this far.
Play time: 07:43:46 (26418 turns).
You are forever immune to Zot's power.
Unknown command.
Enter note: gg Your large abomination disappears in a puff of smoke!
Your ice dragon disappears in a puff of smoke!
You have escaped!

#...## #.#
#.######..####
#.......§..#.#
#..#####A#..#
#..#.......#
#..#........
#..#..#.§#.##
#..#.....#..
#..#....8#..#
#..#.^#.##..#
#.....#.....#
#.....#.....#
#####.#######
#... #####


You could see an angel.

Vanquished Creatures
  Mnoleg (Pan)
  Dispater (Dis:7)
  3 dread liches (Zot:5)
  Khufu (Tomb:3)
  5 orbs of fire (Zot:5)
  An ancient lich (Vaults:5)
  14 royal mummies
  A Killer Klown (Zot:5)
  2 shard shrikes
  2 curse toes (Zot:5)
  6 caustic shrikes
  3 golden dragons
  4 profane servitors
  Jory (Crypt:1)
  2 Brimstone Fiends
  A Tzitzimitl (Tar:7)
  4 bone dragons
  A hellephant (Geh:5)
  2 doom hounds
  2 tentacled monstrosities
  Zenata (Crypt:1)
  An electric golem (Zot:5)
  A walking crystal tome (Depths:4)
  5 Hell Sentinels
  2 tainted leviathans
  2 Ice Fiends
  3 pandemonium lords
  3 liches
  9 Orb Guardians
  A quicksilver dragon (Zot:5)
  2 Executioners
  A deep elf master archer (Elf:3)
  7 searing wretches
  A titan (Coc:7)
  A sphinx (Tomb:1)
  A tentacled starspawn (Abyss:6)
  6 acid blobs
  8 ancient champions
  3 death cobs
  A tengu reaver (Depths:2)
  A revenant (Tomb:3)
  An emperor scorpion (Spider:4)
  A protean progenitor (Pan)
  A fenstrider witch (Pan)
  4 narguns
  3 rockslimes
  4 azure jellies
  A demonspawn warmonger (Pan)
  A fire giant (Depths:4)
  A quicksilver elemental (Dis:2)
  A draconian shifter (Zot:3)
  2 vault wardens
  3 ghost moths
  A draconian monk (Zot:5)
  A deep elf sorcerer (Elf:3)
  A curse skull (Crypt:1)
  5 frost giants
  2 balrugs
  2 iron dragons
  A demonspawn blood saint (D:7)
  A very ugly thing (Depths:4)
  A cacodemon (Pan)
  2 quicksilver oozes (Slime:5)
  2 draconian annihilators
  A spriggan defender (Depths:3)
  2 reapers
  5 shard shrike simulacra
  3 ironbound preservers (Vaults:2)
  7 elemental wellsprings
  A deep elf death mage (Vaults:5)
  2 green draconians (Zot:3)
  3 putrid mouths
  3 bennus
  A bunyip (Swamp:4)
  2 deep elf annihilators (Elf:3)
  3 war gargoyles
  2 red draconians
  A spark wasp (Depths:1)
  4 white draconians
  8 wendigos
  An ettin (Zig:3)
  18 mummy priests
  2 fire dragons (Depths:2)
  3 jiangshi (Crypt:1)
  An iron golem (Dis:7)
  A deep elf high priest (Elf:3)
  A yaktaur captain (Vaults:5)
  2 entropy weavers
  Erolcha (D:9)
  4 great orbs of eyes
  Fannar (Lair:3)
  A caustic shrike simulacrum (Coc:7)
  2 salamander tyrants (Geh:5)
  2 juggernaut simulacra
  6 vault guards
  Erica (D:8)
  A radroach (Spider:4)
  A catoblepas (Lair:5)
  3 stokers (Geh:1)
  A boulder beetle (D:12)
  2 dancing weapons
  A hell hog (Geh:5)
  2 centaur warriors
  35 death scarabs
  5 death yaks
  3 deep troll earth magi
  An occultist (Abyss:6)
  3 vampire magi
  A spriggan berserker (Depths:2)
  A sun demon (Hell)
  A deep elf knight (Elf:2)
  A titan zombie (Crypt:1)
  2 thrashing horrors
  3 soul eaters
  2 hell knights
  2 crystal echidnas
  A sixfirhy (Pan)
  4 skeletal warriors
  A salamander mystic (D:15)
  3 shadow wraiths
  A skyshark (Lair:5)
  A goliath frog (Swamp:3)
  A shadow demon (D:11)
  3 spriggan druids
  4 deep trolls
  An orb spider (Spider:4)
  3 quicksilver dragon simulacra
  5 spriggan simulacra
  A bog body (Swamp:1)
  A sun moth (Pan)
  A phantasmal warrior (Vaults:5)
  A fenstrider witch simulacrum (Crypt:1)
  2 ironbound convokers
  3 necromancers
  A deep elf archer (Elf:2)
  4 large abominations
  2 wolf spiders
  3 deep elf pyromancers
  A wolf spider zombie (Crypt:1)
  5 deep elf zephyrmancers
  2 ugly things
  An oklob plant (D:11)
  2 tengu skeletons (Vaults:2)
  An orc sorcerer (Elf:1)
  3 elephants (Lair:4)
  A frost giant skeleton (Vaults:2)
  4 stone giant skeletons (Vaults:2)
  2 moths of wrath (Zot:5)
  An apocalypse crab (Abyss:4)
  2 titan simulacra
  2 black mambas
  2 orange demons
  A centaur skeleton (Crypt:3)
  4 cane toads
  3 unseen horrors
  3 hellions
  6 yaktaurs
  A rime drake (Lair:4)
  8 nameless horrors
  A spectral harpy (Tar:5)
  3 ice devils (Hell)
  9 komodo dragons
  2 tormentors
  2 freezing wraiths (Coc:6)
  3 anaconda simulacra
  An iron giant simulacrum (Coc:7)
  An ancient zyme (Abyss:6)
  A troll (D:11)
  2 hydra zombies (Hell)
  39 guardian mummies
  A troll (shapeshifter) (D:15)
  A tyrant leech (Swamp:3)
  A sea snake skeleton (Crypt:3)
  A hellwing (Depths:2)
  9 blink frogs
  A wind drake (Pan)
  4 dream sheep
  A tarantella (Spider:4)
  A harpy skeleton (Hell)
  2 stone giant simulacra (Coc:1)
  2 culicivoras
  A spriggan (Swamp:3)
  3 jumping spiders
  A deep troll skeleton (Vaults:2)
  2 ettin skeletons
  A glass eye (Depths:2)
  3 slime creatures
  3 dire elephant simulacra
  A wraith (Lair:3)
  A ynoxinul (Abyss:6)
  2 hogs (Lair:4)
  3 wyverns
  2 naga simulacra
  11 ushabtiu
  2 water elementals
  22 yaks
  4 redbacks
  A steam dragon (Lair:3)
  A fire elemental (Elf:1)
  3 harpy simulacra
  A swamp worm (Swamp:4)
  A hydra simulacrum (Coc:3)
  3 water moccasins
  A glowing shapeshifter skeleton (Vaults:2)
  An ice beast (D:5)
  2 ettin simulacra
  2 sky beasts (D:7)
  7 laughing skulls
  16 wolves
  3 starcursed masses (Abyss:6)
  4 centaurs
  A lindwurm skeleton (Crypt:1)
  2 phantoms
  2 kobold brigands
  5 bullfrogs
  3 human skeletons (Vaults:2)
  A cane toad simulacrum (Lair:2)
  6 scorpions
  A wight (D:9)
  2 killer bees (D:8)
  3 howler monkeys (D:9)
  A hound (D:5)
  2 orc priests (Orc:2)
  An iguana (D:6)
  4 orc wizards
  9 mummies
  4 gnolls
  5 adders
  An ufetubus (D:5)
  A dart slug (D:10)
  A ribbon worm (D:4)
  20 orcs
  8 bats
  4 endoplasms
  A giant cockroach (D:3)
  2 hobgoblins
  A jackal (D:4)
  2 quokkas (D:3)
  A frilled lizard (Sewer)
  3 goblins
  17 kobolds
  A kobold zombie (Crypt:3)
  2 rats
740 creatures vanquished.

Vanquished Creatures (collateral kills)
  Cerebov (Pan)
  Antaeus (Coc:7)
  Asmodeus (Geh:7)
  the Royal Jelly (Slime:5)
  Gloorx Vloq (Pan)
  the Serpent of Hell (Dis:7)
  Lom Lobon (Pan)
  2 pandemonium lords
  2 dread liches
  2 ancient liches
  4 juggernauts
  9 royal mummies
  10 shard shrikes
  A Killer Klown (Zot:5)
  2 curse toes
  23 caustic shrikes
  Geryon (Hell)
  8 golden dragons
  10 profane servitors
  7 bone dragons
  9 Brimstone Fiends
  4 doom hounds
  10 Tzitzimimeh
  5 iron giants
  4 hellephants
  A spectral shard shrike (Tar:7)
  16 Hell Sentinels
  2 electric golems
  A walking crystal tome (Depths:2)
  10 tainted leviathans
  10 tentacled monstrosities
  3 liches
  14 Orb Guardians
  20 searing wretches
  17 Ice Fiends
  6 sphinxes
  20 Executioners (Pan)
  4 deep elf blademasters (Elf:3)
  2 deep elf master archers (Elf:3)
  10 titans
  14 acid blobs
  4 quicksilver dragons
  An eldritch tentacle (Pan)
  15 ancient champions
  2 tentacled starspawn
  4 death cobs
  5 tengu reavers
  7 storm dragons
  Kirke (Lair:4)
  3 shadow dragons
  4 fenstrider witches
  6 rockslimes
  4 protean progenitors
  A revenant (Tomb:2)
  14 fire giants
  20 azure jellies
  A draconian monk (Zot:5)
  13 narguns
  3 quicksilver elementals
  7 frost giants
  8 demonspawn warmongers (Pan)
  5 iron dragons
  2 draconian shifters
  5 emperor scorpions (Spider:4)
  2 nagarajas (Pan)
  13 ghost moths
  2 draconian scorchers (Zot:4)
  9 deep elf sorcerers
  2 spectral juggernauts
  24 balrugs
  4 curse skulls
  A spectral caustic shrike (Tar:4)
  5 shard shrike simulacra
  13 vault wardens
  30 reapers
  3 deep elf elementalists
  6 demonspawn corrupters (Pan)
  An angel (Abyss:4)
  A spriggan defender (Depths:2)
  9 ironbound preservers
  7 quicksilver oozes (Slime:5)
  11 very ugly things
  21 cacodemons
  An orc warlord (Orc:2)
  2 ironbound thunderhulks
  9 stone giants
  4 juggernaut skeletons (Pan)
  8 formless jellyfish
  3 draconian annihilators
  3 caustic shrike skeletons (Pan)
  3 vampire knights
  9 elemental wellsprings
  A demonspawn blood saint (Pan)
  5 deep elf demonologists
  6 demonspawn black suns (Pan)
  6 bennus
  2 black draconians
  An eleionoma (Swamp:4)
  9 deep elf death magi
  21 putrid mouths
  2 ophanim (Abyss:4)
  3 green draconians
  2 purple draconians
  A spectral titan (Geh:1)
  6 yellow draconians
  13 wendigos
  8 lorocyprocas (Pan)
  28 war gargoyles
  A red draconian (Depths:4)
  A bunyip (Swamp:4)
  9 deep elf annihilators
  9 starcursed masses
  14 iron golems
  5 spark wasps
  6 ettins
  13 blizzard demons (Pan)
  A mummy priest (Tomb:2)
  15 green deaths
  9 eidola
  2 spectral krakens (Tar:7)
  A shambling mangrove (Swamp:1)
  A spectral golden dragon (Tar:6)
  4 entropy weavers
  Josephine (Lair:4)
  9 fire dragons
  7 jiangshi
  3 deep elf high priests
  11 ice dragons
  27 vault guards
  A spectral tengu (Zig:6)
  5 yaktaur captains
  7 rakshasas
  A spectral iron giant (Tar:2)
  2 great orbs of eyes
  10 salamander tyrants
  3 hydras
  3 spectral spriggans
  4 jorogumos
  3 caustic shrike simulacra
  2 ogre magi (Swamp:4)
  2 hell beasts
  5 ironbound frosthearts
  7 centaur warriors
  2 catoblepae (Lair:5)
  3 radroaches
  9 boulder beetles
  19 dancing weapons
  5 spriggan air magi
  3 alligators
  4 deep troll shamans
  9 death yaks
  A two-headed ogre (D:11)
  4 juggernaut simulacra
  2 death scarabs (Tomb:1)
  2 demonic crawlers
  2 orc high priests (Orc:2)
  7 stokers
  29 sun demons
  3 tengu warriors (Depths:2)
  28 hell hogs
  2 spriggan berserkers
  6 vampire magi
  A spectral dire elephant (Tar:2)
  5 deep troll earth magi
  4 spectral nagas
  Nergalle (Lair:2)
  5 hell knights (Abyss:4)
  2 occultists
  3 thrashing horrors (Abyss:3)
  17 soul eaters
  12 crystal echidnas
  Sonja (D:12)
  28 sixfirhies
  3 shadow wraiths
  A skyshark (Lair:5)
  15 skeletal warriors
  7 hellephant skeletons (Pan)
  A spectral bunyip (Tar:1)
  A goliath frog (Swamp:4)
  2 wretched stars
  A skyshark (shapeshifter) (Depths:2)
  2 pharaoh ants
  2 iron trolls (Hell)
  A spatial maelstrom (Abyss:6)
  A spectral iron dragon (Geh:1)
  An anaconda zombie (Hell)
  8 flayed ghosts
  23 deep trolls
  A deep troll (shapeshifter) (Depths:2)
  6 orb spiders
  A spriggan rider (Swamp:3)
  4 cherubim
  3 quicksilver dragon simulacra
  5 glowing orange brains
  3 spectral anacondas
  3 swamp dragons
  3 sun moths (Pan)
  3 spriggan druids (Swamp:4)
  3 spriggan simulacra
  3 arcanists
  2 ironbound convokers
  8 lindwurms
  9 shadow demons (Pan)
  9 deep elf archers
  8 phantasmal warriors
  A harpy (shapeshifter) (Elf:1)
  22 large abominations
  A steelbarb worm (shapeshifter) (Vaults:5)
  13 deep elf pyromancers
  3 shining eyes
  14 deep elf zephyrmancers
  2 necromancers
  A stone giant zombie (Crypt:3)
  An orc knight (Orc:2)
  2 cyclopes
  15 wolf spiders
  13 steelbarb worms
  9 ugly things
  4 orc sorcerers (Orc:2)
  A will-o-the-wisp (Swamp:4)
  2 manticores (Lair:5)
  4 spectral ettins
  A salamander (shapeshifter) (D:13)
  3 titan simulacra
  A stone giant skeleton (Hell)
  7 rust devils
  13 moths of wrath
  14 vault sentinels
  2 torpor snails
  67 slime creatures
  4 black mambas
  A cane toad (shapeshifter) (Elf:2)
  6 molten gargoyles (Geh:7)
  17 orange demons
  2 eyes of devastation (Slime:5)
  7 spectral swamp worms (Tar:7)
  2 cane toads
  32 smoke demons
  4 komodo dragons
  14 hellions
  7 yaktaurs
  2 efreet
  7 freezing wraiths
  9 nameless horrors
  4 unseen horrors
  A bunyip simulacrum (Coc:2)
  6 ice devils
  4 rime drakes
  A death yak skeleton (Crypt:2)
  2 anaconda simulacra
  A red draconian skeleton (Crypt:3)
  A redback zombie (Spider:4)
  20 tormentors
  3 ancient zymes (Abyss:4)
  A yellow draconian skeleton (Crypt:1)
  A golden dragon simulacrum (Coc:7)
  3 iron giant simulacra
  2 spectral harpies
  8 tengu conjurers
  A sea snake skeleton (Hell)
  A hydra zombie (Hell)
  3 tyrant leeches
  2 red devils (Pan)
  8 guardian mummies
  15 hellwings
  A polar bear (Lair:4)
  A shadow dragon simulacrum (Coc:1)
  5 trolls
  13 tarantellas
  An alligator simulacrum (Hell)
  12 wind drakes (Pan)
  2 hydra skeletons (Hell)
  7 hornets
  11 blink frogs
  3 raiju (Abyss:4)
  2 glass eyes
  A stone giant simulacrum (Coc:4)
  3 dream sheep
  A centaur simulacrum (Coc:2)
  A snapping turtle (shapeshifter) (D:15)
  4 iron dragon simulacra
  12 jumping spiders
  A spriggan (shapeshifter) (Vaults:5)
  A shadow (D:12)
  2 dire elephant simulacra
  4 spriggans
  2 naga simulacra (Coc:7)
  4 water elementals
  17 culicivoras
  4 wraiths
  3 wyverns
  15 ynoxinuls
  An ushabti (Tomb:3)
  An air elemental (Elf:1)
  3 humans (D:14)
  26 yaks
  A fire elemental (Elf:1)
  5 golden eyes
  9 neqoxecs
  2 basilisks
  A death yak simulacrum (Lair:2)
  A hog (Lair:4)
  38 redbacks
  A warg (Orc:2)
  13 vampire mosquitoes
  A tyrant leech zombie (Crypt:3)
  An alligator snapping turtle simulacrum (Coc:1)
  A sea snake simulacrum (Hell)
  12 chaos spawn
  Menkaure (D:5)
  4 harpy simulacra
  3 swamp worms (shapeshifter)
  13 swamp worms
  An acid dragon (D:11)
  A hell hound (Abyss:4)
  A naga skeleton (Hell)
  3 hydra simulacra
  A two-headed ogre skeleton (Crypt:2)
  A faun skeleton (Crypt:3)
  17 orc warriors (Orc:2)
  6 water moccasins
  A sky beast (D:6)
  25 laughing skulls
  3 black bears
  2 ettin simulacra
  A fire dragon simulacrum (Coc:1)
  4 ogres
  A swamp dragon zombie (Crypt:3)
  17 wolves
  A snapping turtle skeleton (Crypt:2)
  7 centaurs
  4 kobold brigands
  7 brain worms
  6 bullfrogs
  2 scorpions
  An earth elemental (Elf:1)
  2 wights (D:9)
  A swamp dragon simulacrum (Coc:1)
  3 killer bees (D:8)
  3 electric eels
  A quasit (Abyss:4)
  A centaur zombie (Crypt:2)
  13 orc priests
  A hound (D:7)
  A jelly (D:7)
  An iguana (D:6)
  30 orc wizards
  7 mummies
  5 gnolls (D:7)
  A howler monkey skeleton (Crypt:3)
  An adder (Sewer)
  2 white imps
  3 ufetubi (D:5)
  A ribbon worm (D:4)
  26 orcs
  2 ball pythons
  An endoplasm (Sewer)
  A giant cockroach (D:3)
  A goblin (D:3)
  3 jackals (D:4)
  8 kobolds
  A ball python zombie (Crypt:2)
  A goblin zombie (Crypt:1)
  4 orc zombies
  A rat (D:1)
  3 aspiring fleshes (Pan)
  2 butterflies (Lair:3)
  2 creeping infernos (Geh:6)
  13 fire vortices
  A starspawn tentacle (Abyss:6)
2240 creatures vanquished.

Vanquished Creatures (others)
  A shard shrike (Coc:7)
  A lich (Depths:2)
  A searing wretch (Hell)
  A shadow dragon (Hell)
  A vault warden (Vaults:5)
  A fire giant (Vaults:5)
  A reaper (Pan)
  A nameless horror (Pan)
  A bunyip (Swamp:3)
  A wendigo (Coc:4)
  A blizzard demon (Pan)
  2 caustic shrike simulacra
  A rakshasa (Pan)
  3 stokers
  2 occultists (Depths:2)
  A soul eater (Pan)
  A bunyip zombie (Swamp:4)
  A goliath frog zombie (Swamp:4)
  3 wolf spider zombies
  A centaur zombie (D:12)
  3 death yak zombies (Lair:4)
  An unseen horror zombie (D:12)
  A hellion (Geh:7)
  A swamp worm zombie (Swamp:4)
  11 redback zombies
  A steelbarb worm zombie (Spider:4)
  An ancient zyme (Abyss:4)
  A bloated husk (Swamp:3)
  A hydra zombie (Lair:5)
  2 moth of wrath zombies (Spider:4)
  2 wind drakes (Pan)
  5 culicivora zombies
  4 jumping spider zombies
  9 tarantella zombies
  A black mamba zombie (Lair:5)
  A ynoxinul (Pan)
  An air elemental (Abyss:4)
  A dire elephant simulacrum (Coc:4)
  A harpy simulacrum (Coc:7)
  A skyshark zombie (Lair:5)
  A cane toad zombie (Lair:4)
  A hydra simulacrum (Coc:4)
  A dream sheep zombie (Lair:5)
  A blink frog zombie (Lair:2)
  3 elephant zombies (Lair:4)
  2 rime drake zombies (Lair:4)
  2 komodo dragon zombies
  A warg zombie (Orc:2)
  6 yak zombies
  2 spriggan zombies
  11 wolf zombies
  2 bullfrog zombies
  A black bear zombie (Lair:4)
  A basilisk zombie (Lair:5)
  An ogre zombie (Orc:2)
  34 orc zombies (Orc:2)
  12 ball lightnings (Pan)
  A creeping inferno (Geh:4)
  3 fire vortices
  2 foxfires (Swamp:4)
  2 starspawn tentacles (Abyss:6)
  16 tentacles (Tar:7)
181 creatures vanquished.

Grand Total: 3161 creatures vanquished

Notes
Turn   | Place    | Note
-------+----------+-------------------------------------------
     0 | D:1      | Flugkiller the Vine Stalker Ice Elementalist began the
                  | quest for the Orb.
     0 | D:1      | Reached XP level 1. HP: 9/9 MP: 4/4
    48 | D:1      | Reached XP level 2. HP: 3/13 MP: 0/6
   170 | D:3      | Found a hazy altar of Hepliaklqana.
   174 | D:3      | Reached XP level 3. HP: 14/16 MP: 5/8
   261 | D:4      | Noticed a phantom
   297 | D:3      | Learned a level 3 spell: Frozen Ramparts
   301 | D:3      | Learned a level 3 spell: Summon Ice Beast
   379 | D:3      | Found a glowing drain.
   396 | Sewer    | Entered a sewer
   487 | Sewer    | Noticed a kobold brigand
   495 | Sewer    | Killed a kobold brigand
   496 | Sewer    | Reached skill level 5 in Ice Magic
   496 | Sewer    | Reached XP level 4. HP: 7/21 MP: 1/10
   496 | Sewer    | Reached XP level 5. HP: 8/24 MP: 1/11
   542 | Sewer    | Noticed a kobold brigand
   576 | Sewer    | Killed a kobold brigand
   646 | Sewer    | Noticed a kobold brigand
   662 | Sewer    | Killed a kobold brigand
   663 | Sewer    | Reached XP level 6. HP: 18/28 MP: 2/14
   722 | D:4      | Learned a level 3 spell: Ozocubu's Armour
   833 | D:4      | Found a staircase to the Ecumenical Temple.
   845 | D:4      | Reached skill level 5 in Spellcasting
   847 | Temple   | Entered the Ecumenical Temple
   865 | Temple   | Became a worshipper of Sif Muna the Loreminder
   905 | D:5      | Entered Level 5 of the Dungeon
   906 | D:5      | Noticed an ice beast
   922 | D:5      | Killed an ice beast
   923 | D:5      | Reached XP level 7. HP: 32/32 MP: 12/16
  1078 | D:5      | Noticed Menkaure
  1096 | D:5      | Killed Menkaure
  1177 | D:5      | Gained mutation: You have razor-sharp teeth. [Vine Stalker
                  | growth]
  1177 | D:5      | Reached XP level 8. HP: 23/36 MP: 7/18
  1286 | D:5      | Reached skill level 1 in Summonings
  1286 | D:5      | Reached skill level 1 in Invocations
  1306 | D:6      | Reached skill level 1 in Fighting
  1321 | D:6      | Found a large runed translucent door.
  1322 | D:6      | Found a large runed translucent door.
  1323 | D:6      | Noticed sanka's ghost (novice MfSh)
  1346 | D:6      | You fall into a shaft and drop 2 floors!
  1350 | D:8      | Noticed a wyvern
  1357 | D:8      | Killed a wyvern
  1360 | D:8      | Reached * piety under Sif Muna
  1381 | D:8      | Noticed a yak
  1381 | D:8      | Noticed a yak
  1543 | D:8      | Reached XP level 9. HP: 43/43 MP: 5/21
  1631 | D:8      | Found a runed translucent gate.
  1633 | D:8      | Found a runed translucent gate.
  1633 | D:8      | Found a runed translucent gate.
  1634 | D:8      | Noticed a kobold demonologist
  1634 | D:8      | Noticed dakkaduck's ghost (novice MiBe)
  1932 | D:6      | Reached ** piety under Sif Muna
  2072 | D:6      | Found an iron altar of Okawaru.
  2103 | D:6      | Found a shadowy altar of Dithmenos.
  2224 | D:5      | Found a glowing golden altar of the Shining One.
  2340 | D:8      | Noticed Erica
  2347 | D:8      | Killed Erica
  2348 | D:8      | Reached skill level 5 in Invocations
  2367 | D:8      | Reached XP level 10. HP: 44/49 MP: 14/24
  2603 | D:10     | Entered Level 10 of the Dungeon
  2611 | D:10     | Found a snail-covered altar of Cheibriados.
  2676 | D:10     | Found Gupp's Blasphemy Boutique.
  2794 | D:10     | Reached *** piety under Sif Muna
  2796 | D:10     | Reached skill level 10 in Spellcasting
  2955 | D:11     | Reached skill level 1 in Necromancy
  2960 | D:11     | Learned a level 4 spell: Animate Dead
  3025 | D:11     | Noticed a boulder beetle
  3128 | D:11     | Found a staircase to the Lair.
  3137 | D:11     | Noticed an oklob plant
  3190 | D:11     | Killed an oklob plant
  3224 | Lair:1   | Entered Level 1 of the Lair of Beasts
  3241 | Lair:1   | Reached skill level 5 in Necromancy
  3248 | Lair:1   | Reached XP level 11. HP: 53/53 MP: 13/26
  3296 | Lair:1   | Noticed a boulder beetle
  3300 | Lair:1   | Found an ornate altar of the Wu Jian Council.
  3300 | Lair:1   | Found a hide-covered altar of Uskayaw.
  3309 | Lair:1   | Killed a boulder beetle
  3335 | Lair:1   | Reached skill level 1 in Evocations
  3470 | Lair:2   | Reached **** piety under Sif Muna
  3488 | Lair:2   | Reached skill level 5 in Fighting
  3539 | Lair:2   | Found a frozen archway.
  3571 | Lair:2   | Noticed Nergalle
  3617 | Lair:1   | Reached skill level 5 in Summonings
  3656 | IceCv    | Entered an ice cave
  3656 | IceCv    | Noticed a white ugly thing
  3738 | Lair:1   | Reached XP level 12. HP: 55/60 MP: 19/27
  3776 | Lair:3   | Noticed Fannar
  3929 | Lair:2   | Reached ***** piety under Sif Muna
  3946 | Lair:2   | Found a hole to the Spider Nest.
  3968 | Lair:2   | Learned a level 1 spell: Apportation
  4108 | Lair:3   | Found a burning altar of Makhleb.
  4313 | Lair:4   | Noticed Josephine
  4317 | Lair:4   | Received a gift from Sif Muna
  4321 | Lair:4   | Noticed a death yak
  4323 | Lair:4   | Killed Josephine
  4367 | Lair:4   | Noticed a death yak
  4371 | Lair:4   | Noticed a death yak
  4376 | Lair:4   | Noticed a death yak
  4379 | Lair:4   | Noticed a death yak
  4485 | Lair:4   | Noticed a death yak
  4488 | Lair:4   | Noticed a death yak
  4501 | Lair:4   | Reached skill level 10 in Necromancy
  4501 | Lair:4   | Reached XP level 13. HP: 65/65 MP: 23/30
  4543 | Lair:4   | Reached skill level 10 in Summonings
  4543 | Lair:4   | Reached XP level 14. HP: 70/70 MP: 26/31
  4573 | Lair:4   | Identified the +8 morningstar "Jellyslayer" {freeze, *Noise
                  | Fly Str+2 Dex+4}
  4766 | Lair:4   | Learned a level 7 spell: Haunt
  4833 | Lair:4   | Noticed Kirke
  4847 | Lair:4   | Killed Kirke
  4945 | Lair:5   | Entered Level 5 of the Lair of Beasts
  5546 | Lair:5   | Got an earthy gem with 1356 turns to spare
  5717 | Lair:2   | Killed Nergalle
  5910 | D:11     | Found a runed translucent gate.
  5910 | D:11     | Found a runed translucent gate.
  5911 | D:11     | Found a runed translucent gate.
  5911 | D:11     | Noticed NitroKuite's ghost (journeyman TrMo)
  5982 | D:12     | Reached XP level 15. HP: 73/73 MP: 23/32
  6133 | D:12     | Found a large runed translucent door.
  6133 | D:12     | Found a large runed translucent door.
  6151 | D:12     | Found a large runed translucent door.
  6151 | D:12     | Found a large runed translucent door.
  6165 | D:12     | Got Siuhuoli's Compilation of Translocated Support
  6178 | D:12     | Learned a level 7 spell: Monstrous Menagerie
  6294 | D:12     | Noticed Sonja
  6298 | D:12     | Killed Sonja
  6430 | D:9      | Noticed Erolcha
  6433 | D:9      | Killed Erolcha
  6881 | D:11     | Found a staircase to the Orcish Mines.
  6889 | Orc:1    | Entered Level 1 of the Orcish Mines
  6908 | Orc:2    | Entered Level 2 of the Orcish Mines
  6908 | Orc:2    | Noticed an orc warlord
  6942 | Orc:2    | Killed an orc warlord
  6983 | Orc:2    | Found Dounuvud's Book Shop.
  6985 | Orc:2    | Found Qauch's Assorted Antiques.
  6992 | Orc:2    | Found Elyihoimp's Antique Weapon Shop.
  7032 | Orc:2    | Found Iheih's General Store.
  7045 | Orc:2    | Bought Great Wizards, Vol. II for 418 gold pieces
  7051 | Orc:2    | Learned a level 5 spell: Borgnjor's Vile Clutch
  7064 | Orc:2    | Learned a level 8 spell: Infestation
  7085 | Orc:2    | Found a staircase to the Elven Halls.
  7148 | D:11     | Reached skill level 10 in Invocations
  7302 | Lair:2   | Received a gift from Sif Muna
  7304 | Lair:2   | Got Sif Muna's Enchiridion on Summoned Blasphemous
                  | Mysteries {god gift}
  7305 | Lair:2   | Reached skill level 1 in Translocations
  7406 | Spider:1 | Entered Level 1 of the Spider Nest
  7636 | Spider:4 | Entered Level 4 of the Spider Nest
  7710 | Spider:3 | Noticed a ghost moth
  7718 | Spider:3 | Killed a ghost moth
  7780 | Spider:4 | Reached XP level 16. HP: 77/77 MP: 12/33
  7882 | Spider:4 | Reached skill level 15 in Necromancy
  8103 | Spider:4 | Got a gossamer rune of Zot
  8107 | Spider:4 | Got a milky-white gem with 1689 turns to spare
  8361 | Lair:3   | Killed Fannar
  8701 | Lair:2   | Found a staircase to the Swamp.
  8734 | Swamp:1  | Entered Level 1 of the Swamp
  8912 | Swamp:3  | Reached XP level 17. HP: 18/81 MP: 18/35
  9009 | Swamp:4  | Entered Level 4 of the Swamp
  9150 | Swamp:4  | Noticed a tentacled monstrosity
  9168 | Swamp:4  | Killed a tentacled monstrosity
  9190 | Swamp:4  | Reached skill level 15 in Spellcasting
  9249 | Swamp:4  | Got a decaying rune of Zot
  9249 | Swamp:4  | Got a mossy gem with 1184 turns to spare
  9502 | Elf:1    | Entered Level 1 of the Elven Halls
  9697 | Elf:1    | Got the Tome of Battling
 10120 | Elf:2    | HP: 4/81 [+2 halberd of freezing (1)]
 10122 | Elf:2    | Identified the +0 cloak "Hext" {rN+}
 10290 | Elf:2    | Reached XP level 18. HP: 87/87 MP: 21/40
 10451 | Elf:3    | Entered Level 3 of the Elven Halls
 10597 | Elf:3    | Noticed a Brimstone Fiend
 10607 | Elf:3    | Reached skill level 10 in Fighting
 10610 | Elf:3    | Noticed a deep elf master archer
 10615 | Elf:3    | Killed a deep elf master archer
 10663 | Elf:3    | Noticed a deep elf blademaster
 10666 | Elf:3    | Killed a deep elf blademaster
 10670 | Elf:3    | Noticed a deep elf master archer
 10672 | Elf:3    | Noticed a deep elf blademaster
 10673 | Elf:3    | Killed a deep elf master archer
 10675 | Elf:3    | Killed a deep elf blademaster
 10677 | Elf:3    | Noticed a deep elf blademaster
 10681 | Elf:3    | Killed a deep elf blademaster
 10691 | Elf:3    | Noticed a deep elf blademaster
 10695 | Elf:3    | Killed a deep elf blademaster
 10697 | Elf:3    | Identified the +3 battleaxe "Raniw" {vamp, rC+ SInv Stlth+}
 10697 | Elf:3    | Identified the amulet of Demons {RegenMP rC+++ Regen+
                  | Dex-4}
 10705 | Elf:3    | Noticed a deep elf master archer
 10709 | Elf:3    | Killed a deep elf master archer
 10726 | Elf:3    | Identified the +7 sling "Jiurreab" {heavy, rCorr Dex+4}
 10730 | Elf:3    | Identified the +4 great sword "Jyij" {pain, rCorr Int+2}
 10735 | Elf:3    | Identified the staff of the Sneaky Friars {rN+ Str-2 Hexes
                  | Necro Alchemy}
 10746 | Elf:3    | Got Iroddak's Tome of Luminous Command
 10762 | Elf:3    | Identified the +6 rapier of Symmetry {freeze, rN+ Stlth+}
 10767 | Elf:3    | Identified the +8 dagger of Vififrou {flame, Will+++ Int+6
                  | Dex-5}
 10776 | Elf:3    | Got a shimmering gem with 493 turns to spare
 10780 | Elf:3    | Identified the +8 shortbow "Rodulen" {heavy, rElec rN+
                  | Dex+2}
 10792 | Elf:3    | Learned a level 6 spell: Death Channel
 10800 | Elf:3    | Learned a level 7 spell: Spellforged Servitor
 11092 | D:13     | Reached skill level 1 in Earth Magic
 11093 | D:13     | Reached skill level 1 in Conjurations
 11341 | D:14     | Reached XP level 19. HP: 98/98 MP: 21/42
 11429 | D:14     | Found a gate to the Vaults.
 11441 | D:14     | Learned a level 3 spell: Stone Arrow
 11442 | Vaults:1 | Entered Level 1 of the Vaults
 11462 | Vaults:1 | Identified the +2 leather armour of Dawn {*Corrode rElec
                  | Str+2 Dex+3}
 11532 | Vaults:1 | Found a flickering gateway to a bazaar.
 11544 | Bazaar   | Entered a bazaar
 11551 | Bazaar   | Found Loulug's Antique Weapon Shoppe.
 11556 | Bazaar   | Found Nirphedasch's Antique Weapon Emporium.
 11582 | Bazaar   | Found Vyrrar's Antique Armour Shoppe.
 11582 | Bazaar   | Found Pealaf's Antique Armour Emporium.
 11611 | Bazaar   | Bought a pair of blackened gloves for 190 gold pieces
 11611 | Bazaar   | Identified the +1 pair of gloves of Honour {Fly rN+++ Will+
                  | Stlth-} (You bought it in a shop in a bazaar)
 11611 | Bazaar   | Bought a pair of buzzing gloves for 190 gold pieces
 11611 | Bazaar   | Identified the +1 pair of gloves "Ymmanote" {+Blink} (You
                  | bought it in a shop in a bazaar)
 11959 | Vaults:2 | Reached skill level 5 in Conjurations
 11961 | Vaults:2 | Identified the +10 dagger "Nitz" {heavy, rF- rCorr Int+5
                  | Dex+9}
 12406 | Vaults:4 | Learned a level 6 spell: Bombard
 12420 | Vaults:4 | Identified the +2 scale mail of Hide-and-Seek {rElec Str+2}
 12703 | Vaults:5 | Entered Level 5 of the Vaults
 12709 | Vaults:5 | Noticed an ancient lich
 12744 | Vaults:5 | Reached skill level 5 in Earth Magic
 12778 | Vaults:5 | Noticed a golden dragon
 12787 | Vaults:5 | Killed a golden dragon
 12796 | Vaults:5 | Reached XP level 20. HP: 95/102 MP: 32/44
 12924 | Vaults:5 | Reached skill level 1 in Shapeshifting
 12981 | Vaults:5 | Identified the ring "Agiakkot" {*Slow rElec rPois rF+}
 12994 | Vaults:5 | Got a silver rune of Zot
 12994 | Vaults:5 | Got a shining gem with 2316 turns to spare
 13091 | Vaults:5 | Identified a scroll of acquirement
 13120 | Vaults:5 | Killed an ancient lich
 13121 | Vaults:5 | Reached skill level 5 in Shapeshifting
 13193 | Vaults:5 | Acquired the Enchiridion on the Friendly Dead
 13205 | Vaults:5 | Identified the +4 short sword of Tenimp {heavy, Str+9
                  | Int-2}
 13269 | Vaults:5 | Received a gift from Sif Muna
 13270 | Vaults:5 | Got Veizizoj's Information on the Atmosphere and Illusion
                  | {god gift}
 13283 | Vaults:5 | Noticed a golden dragon
 13292 | Vaults:5 | Killed a golden dragon
 13338 | Vaults:5 | Identified the staff "Demon's Peril" {rPois rF+ rC- rN+
                  | Earth Alchemy}
 13371 | Vaults:5 | Noticed a dread lich
 13384 | Vaults:5 | Killed a dread lich
 13582 | Vaults:2 | Reached skill level 10 in Shapeshifting
 13745 | Vaults:1 | Reached XP level 21. HP: 107/107 MP: 8/45
 14233 | Lair:5   | Lost the earthy gem through the power of Zot.
 14526 | Lair:5   | Found a staircase to the Slime Pits.
 14532 | Lair:5   | Found a viscous altar of Jiyva.
 14535 | Slime:1  | Entered Level 1 of the Pits of Slime
 14675 | Slime:1  | You are sucked into a shaft and drop 1 floor!
 14681 | Slime:2  | Paralysed by a formless jellyfish for 1 turns
 14736 | Slime:5  | Entered Level 5 of the Pits of Slime
 14850 | Slime:5  | Noticed the Royal Jelly
 14928 | Slime:5  | Killed the Royal Jelly
 15058 | Slime:5  | Identified the ring of Contentment {Wiz rC+++ Str-4 SInv
                  | Stlth+}
 15069 | Slime:5  | Got a slimy rune of Zot
 15070 | Slime:5  | Got a starry gem with 65 turns to spare
 15102 | Slime:5  | Got Buuckoef's Notes on Tinctures and Conflagration
 15112 | Slime:5  | Found the +5 Storm Queen's Shield {shock, Fly rElec}
 15116 | Slime:5  | Identified the ring "Kosanex" {rN+ Will+ MP+9 Int+6}
 15135 | Slime:5  | Lost the starry gem through the power of Zot.
 15141 | Slime:5  | Identified the +7 broad axe "Etsosm" {drain, ^Contam rF+
                  | rCorr Int+2}
 15142 | Slime:5  | Identified the +1 leather armour of Instinct {^Contam Dex+2
                  | SInv}
 15234 | Slime:2  | Paralysed by a formless jellyfish for 1 turns
 15236 | Slime:2  | Paralysed by a formless jellyfish for 1 turns
 15278 | Slime:1  | Gained mutation: You are vulnerable to heat. (rF-) [a
                  | shining eye]
 15299 | Slime:1  | Lost mutation: You are vulnerable to heat. (rF-) [potion of
                  | mutation]
 15299 | Slime:1  | Gained mutation: Your magical capacity is low. (-10% MP)
                  | [potion of mutation]
 15300 | Slime:1  | Lost mutation: Your magical capacity is low. (-10% MP)
                  | [potion of mutation]
 15300 | Slime:1  | Gained mutation: You are partially covered in iridescent
                  | scales. (AC +2) [potion of mutation]
 15300 | Slime:1  | Gained mutation: You are mostly covered in iridescent
                  | scales. (AC +4) [potion of mutation]
 15581 | D:15     | Entered Level 15 of the Dungeon
 15635 | D:15     | Found a staircase to the Depths.
 15651 | D:15     | Got a smoky gem with 3967 turns to spare
 15654 | Depths:1 | Entered Level 1 of the Depths
 15735 | Depths:2 | Found a one-way gate leading to the halls of Pandemonium.
 15819 | Depths:2 | Identified the +2 falchion "Arcanum" {distort, rN+}
 15820 | Depths:2 | Found a gateway to Hell.
 15844 | Depths:2 | Reached skill level 15 in Summonings
 16024 | Depths:2 | Reached XP level 22. HP: 111/111 MP: 46/46
 16119 | Depths:2 | Learned a level 9 spell: Dragon's Call
 16204 | Depths:2 | Reached skill level 1 in Shields
 16272 | Depths:3 | Found a one-way gate to the infinite horrors of the Abyss.
 16312 | Depths:3 | Acquired 574 gold pieces
 16403 | Depths:4 | Entered Level 4 of the Depths
 16437 | Depths:4 | Found a sparkling altar of Nemelex Xobeh.
 16570 | Depths:4 | Found a one-way gateway to a ziggurat.
 16596 | Zig:1    | Entered Level 1 of a ziggurat
 16629 | Zig:2    | Entered Level 2 of a ziggurat
 16651 | Zig:3    | Entered Level 3 of a ziggurat
 16690 | Zig:4    | Entered Level 4 of a ziggurat
 16710 | Zig:4    | Reached XP level 23. HP: 115/115 MP: 35/47
 16730 | Zig:5    | Entered Level 5 of a ziggurat
 16737 | Zig:6    | Entered Level 6 of a ziggurat
 16796 | Zig:7    | Entered Level 7 of a ziggurat
 16837 | Zig:7    | Got Lameit's Spellbook of Direction
 16843 | Zig:7    | Got the Grimoire of Star-crossed Injury
 16868 | Zig:8    | Entered Level 8 of a ziggurat
 16875 | Zig:8    | Identified the +1 leather armour of the Bellicose Baku
                  | {+Inv rF+ rN++ Stlth-}
 16947 | Depths:4 | Noticed a golden dragon
 16953 | Depths:4 | Killed a golden dragon
 16957 | Depths:4 | Found a gate to the Realm of Zot.
 16959 | Depths:4 | Got a midnight gem with 1441 turns to spare
 17191 | Depths:2 | Noticed a golden dragon
 17202 | Depths:2 | Killed a golden dragon
 17528 | Depths:1 | Reached XP level 24. HP: 120/120 MP: 47/47
 17538 | Depths:1 | Learned a level 3 spell: Passwall
 17582 | Pan      | Entered the realm of Lom Lobon.
 17582 | Pan      | Entered Pandemonium
 17851 | Pan      | Received a gift from Sif Muna
 17852 | Pan      | Got Cerebov's Codex of Violence and the Inferno {god gift}
 17938 | Pan      | Noticed Lom Lobon
 17955 | Pan      | Killed Lom Lobon
 17999 | Pan      | Got a magical rune of Zot
 18121 | Pan      | Noticed Kasolataomi the pandemonium lord
 18135 | Pan      | Killed Kasolataomi the pandemonium lord
 18136 | Pan      | Reached skill level 15 in Shapeshifting
 18183 | Pan      | Identified the +1 pair of gloves of Absence {Harm Will+}
 18196 | Pan      | Got a demonic rune of Zot
 18217 | Pan      | Found a runed translucent door.
 18240 | Pan      | Entered the realm of Gloorx Vloq.
 18346 | Pan      | Reached XP level 25. HP: 126/126 MP: 47/47
 18394 | Pan      | Noticed Gloorx Vloq
 18401 | Pan      | Killed Gloorx Vloq
 18415 | Pan      | Got a dark rune of Zot
 18532 | Pan      | Acquired 1101 gold pieces
 18664 | Pan      | Found an exit through the horrors of the Abyss.
 18720 | Pan      | Found an exit through the horrors of the Abyss.
 18786 | Pan      | Received a gift from Sif Muna
 18787 | Pan      | Got Sif Muna's Atlas of the Mausoleum {god gift}
 18883 | Pan      | Found a transporter.
 18944 | Pan      | Learned a level 8 spell: Summon Horrible Things
 19015 | Pan      | Noticed Wuroc the pandemonium lord
 19023 | Pan      | Killed Wuroc the pandemonium lord
 19089 | Pan      | Reached skill level 5 in Dodging
 19125 | Pan      | Entered the realm of Cerebov.
 19195 | Pan      | Found the +6 sword of Cerebov {flame}
 19195 | Pan      | Noticed Cerebov
 19233 | Pan      | Killed Cerebov
 19234 | Pan      | Reached XP level 26. HP: 138/138 MP: 48/48
 19257 | Pan      | Got a fiery rune of Zot
 19272 | Pan      | Identified the staff of the Final Chapter {Fly Int+4 Dex+2
                  | Conj}
 19275 | Pan      | Identified the +1 leather armour of the Hunter {rF++ rC++
                  | Int-3}
 19310 | Pan      | Identified the staff "Widowermaker" {rPois rN+ Str+3 Necro}
 19366 | Pan      | Identified the +1 troll leather armour of Hepliaklqana's
                  | Anger {-Cast Will++ Regen+ rCorr Slay+2}
 19426 | Pan      | Entered the realm of Mnoleg.
 19500 | Pan      | Gained mutation: Armour fits poorly on your strangely
                  | shaped body. [a cacodemon]
 19590 | Pan      | Received a gift from Sif Muna
 19617 | Pan      | Noticed Mnoleg
 19623 | Pan      | Killed Mnoleg
 19656 | Pan      | Got a glowing rune of Zot
 19751 | Pan      | Reached skill level 10 in Dodging
 19802 | Pan      | Noticed Unwusch the pandemonium lord
 19806 | Pan      | Killed Unwusch the pandemonium lord
 19812 | Pan      | Gained mutation: You are clumsy. (Dex -2) [a cacodemon]
 19834 | Pan      | Identified the ring "Fufatu" {rF+ Dex+6}
 19855 | Pan      | Found an exit through the horrors of the Abyss.
 19864 | Pan      | Took an exit into the Abyss.
 19864 | Abyss:1  | Escaped into the Abyss
 19864 | Abyss:1  | Found a corrupted altar of Lugonu.
 19896 | Abyss:2  | Found a corrupted altar of Lugonu.
 19939 | Abyss:3  | Received a gift from Sif Muna
 19940 | Abyss:3  | Got Xiomucu's Compendium of Shadows and Hermetica {god
                  | gift}
 19968 | Abyss:4  | Found a blossoming altar of Fedhas.
 20081 | Abyss:4  | Noticed a juggernaut
 20084 | Abyss:4  | Killed a juggernaut
 20096 | Abyss:4  | Reached XP level 27. HP: 142/142 MP: 50/50
 20108 | Abyss:4  | Found a glowing golden altar of the Shining One.
 20120 | Abyss:4  | Got an abyssal rune of Zot
 20134 | Depths:2 | Escaped the Abyss
 20148 | Hell     | Entered the Vestibule of Hell
 20149 | Hell     | Noticed Geryon
 20165 | Hell     | Received a gift from Sif Muna
 20172 | Hell     | Killed Geryon
 20173 | Hell     | Reached skill level 10 in Earth Magic
 20256 | Hell     | Found a gateway to the freezing wastes of Cocytus.
 20270 | Hell     | Got Sif Muna's Folio of the Wayfarer {god gift}
 20276 | Hell     | Learned a level 4 spell: Passage of Golubria
 20304 | Hell     | Found a gateway to the decaying netherworld of Tartarus.
 20328 | Tar:1    | Entered Level 1 of Tartarus
 20412 | Tar:1    | You fall into a shaft and drop 1 floor!
 20581 | Tar:3    | Noticed a dread lich
 20607 | Hell     | Found a gateway to the ashen valley of Gehenna.
 20656 | Geh:1    | Entered Level 1 of Gehenna
 20837 | Geh:1    | Reached skill level 1 in Fire Magic
 20987 | Geh:3    | Reached skill level 5 in Fire Magic
 21291 | Geh:7    | Entered Level 7 of Gehenna
 21355 | Geh:7    | Received a gift from Sif Muna
 21453 | Geh:7    | Found the +10 tower shield of Ignorance {rN+ Int-4}
 21506 | Geh:7    | Found the +13 sceptre of Asmodeus
 21506 | Geh:7    | Noticed Asmodeus
 21516 | Geh:7    | Got an obsidian rune of Zot
 21526 | Geh:7    | Killed Asmodeus
 21527 | Geh:7    | Reached skill level 10 in Fire Magic
 21677 | Hell     | Learned a level 8 spell: Ignition
 21693 | Hell     | Found a gateway to the Iron City of Dis.
 21755 | Dis:1    | Entered Level 1 of the Iron City of Dis
 21770 | Dis:1    | Reached skill level 10 in Conjurations
 21778 | Dis:1    | You are sucked into a shaft and drop 1 floor!
 21828 | Dis:2    | Learned a level 8 spell: Lehudib's Crystal Spear
 22156 | Dis:7    | Entered Level 7 of the Iron City of Dis
 22223 | Dis:7    | Noticed a juggernaut
 22228 | Dis:7    | Killed a juggernaut
 22229 | Dis:7    | Reached skill level 15 in Fighting
 22289 | Dis:7    | Reached skill level 15 in Earth Magic
 22342 | Dis:7    | Noticed the Serpent of Hell
 22345 | Dis:7    | Noticed a juggernaut
 22354 | Dis:7    | Killed the Serpent of Hell
 22356 | Dis:7    | Killed a juggernaut
 22385 | Dis:7    | Noticed a juggernaut
 22389 | Dis:7    | Killed a juggernaut
 22491 | Dis:7    | Noticed Dispater
 22516 | Dis:7    | Killed Dispater
 22530 | Dis:7    | Identified the ring of Fomufan {Ice rPois}
 22532 | Dis:7    | Got an iron rune of Zot
 22664 | Coc:1    | Entered Level 1 of Cocytus
 22764 | Coc:3    | Noticed an ancient lich
 22777 | Coc:3    | Killed an ancient lich
 22846 | Coc:4    | Received a gift from Sif Muna
 22850 | Coc:4    | Paralysed by a wendigo for 1 turns
 22928 | Coc:5    | Paralysed by a wendigo for 1 turns
 23028 | Coc:7    | Entered Level 7 of Cocytus
 23066 | Coc:7    | Received a gift from Sif Muna
 23101 | Coc:7    | Paralysed by a wendigo for 1 turns
 23132 | Coc:7    | Paralysed by a wendigo for 1 turns
 23152 | Coc:7    | Paralysed by a wendigo for 1 turns
 23152 | Coc:7    | Received a gift from Sif Muna
 23212 | Coc:7    | Learned a level 9 spell: Shatter
 23236 | Coc:7    | Identified the ring of Mipixtuc {rF+ MP-9 Dex+5}
 23269 | Coc:7    | Paralysed by a wendigo for 1 turns
 23371 | Coc:7    | Noticed Antaeus
 23372 | Coc:7    | Got an icy rune of Zot
 23395 | Coc:7    | Killed Antaeus
 23675 | Tar:4    | Noticed an ancient lich
 23681 | Tar:4    | Killed an ancient lich
 23862 | Tar:7    | Entered Level 7 of Tartarus
 24106 | Tar:7    | Got a bone rune of Zot
 24106 | Tar:7    | Noticed Ereshkigal
 24311 | Vaults:2 | Reached skill level 27 in Spellcasting
 24313 | Vaults:2 | Found a staircase to the Crypt.
 24326 | Crypt:1  | Entered Level 1 of the Crypt
 24356 | Crypt:1  | Received a gift from Sif Muna
 24357 | Crypt:1  | Got Sif Muna's Book of Fluctuating Bad Luck {god gift}
 24442 | Crypt:3  | Entered Level 3 of the Crypt
 24514 | Crypt:3  | Found a staircase to the Tomb.
 24521 | Crypt:3  | Received a gift from Sif Muna
 24528 | Tomb:1   | Entered Level 1 of the Tomb of the Ancients
 24533 | Tomb:1   | Noticed a royal mummy
 24537 | Tomb:1   | Killed a royal mummy
 24538 | Tomb:1   | Noticed a royal mummy
 24538 | Tomb:1   | Noticed a royal mummy
 24541 | Tomb:1   | Killed a royal mummy
 24542 | Tomb:1   | Noticed a royal mummy
 24543 | Tomb:1   | Killed a royal mummy
 24543 | Tomb:1   | Noticed a royal mummy
 24547 | Tomb:1   | Killed a royal mummy
 24547 | Tomb:1   | Noticed a royal mummy
 24547 | Tomb:1   | Killed a royal mummy
 24548 | Tomb:1   | Noticed a royal mummy
 24550 | Tomb:1   | Noticed a royal mummy
 24551 | Tomb:1   | Killed a royal mummy
 24551 | Tomb:1   | Killed a royal mummy
 24553 | Tomb:1   | Killed a royal mummy
 24555 | Tomb:1   | Noticed a royal mummy
 24563 | Tomb:1   | Killed a royal mummy
 24588 | Tomb:1   | Noticed a royal mummy
 24591 | Tomb:1   | Killed a royal mummy
 24595 | Tomb:1   | Noticed a royal mummy
 24599 | Tomb:1   | Killed a royal mummy
 24603 | Tomb:1   | Noticed a royal mummy
 24605 | Tomb:1   | Noticed a royal mummy
 24607 | Tomb:1   | Killed a royal mummy
 24611 | Tomb:1   | Killed a royal mummy
 24623 | Tomb:1   | Noticed a royal mummy
 24625 | Tomb:1   | Noticed a royal mummy
 24630 | Tomb:1   | Killed a royal mummy
 24632 | Tomb:1   | Killed a royal mummy
 24721 | Tomb:3   | Entered Level 3 of the Tomb of the Ancients
 24741 | Tomb:3   | Received a gift from Sif Muna
 24748 | Tomb:3   | Noticed a royal mummy
 24750 | Tomb:3   | Noticed a royal mummy
 24751 | Tomb:3   | Killed a royal mummy
 24753 | Tomb:3   | Killed a royal mummy
 24776 | Tomb:3   | Noticed a royal mummy
 24776 | Tomb:3   | Noticed a royal mummy
 24781 | Tomb:3   | Killed a royal mummy
 24781 | Tomb:3   | Killed a royal mummy
 24783 | Tomb:3   | Noticed a royal mummy
 24783 | Tomb:3   | Noticed a royal mummy
 24785 | Tomb:3   | Noticed a royal mummy
 24785 | Tomb:3   | Killed a royal mummy
 24786 | Tomb:3   | Noticed a royal mummy
 24787 | Tomb:3   | Killed a royal mummy
 24789 | Tomb:3   | Noticed Khufu
 24790 | Tomb:3   | Killed a royal mummy
 24791 | Tomb:3   | Killed a royal mummy
 24795 | Tomb:3   | Killed Khufu
 24825 | Tomb:3   | Found the +3 Elemental Staff {ele, rElec rF+ rC+ AC+3}
 24831 | Tomb:3   | Identified the ring "Saorphugg" {rC+ rN+ Int+4}
 24832 | Tomb:3   | Identified the staff "Wuten" {rN+ Conj Necro Air}
 24834 | Tomb:3   | Identified the ring "Put-Me-On" {^Contam Fly rN+ Int+3}
 24839 | Tomb:3   | Identified the orb of Wu Jian's Generosity {*Rage, *Slow
                  | rF+ Ice}
 24860 | Tomb:3   | Got a sanguine gem with 1226 turns to spare
 24867 | Tomb:3   | Got a golden rune of Zot
 24907 | Tomb:2   | Reached skill level 27 in Earth Magic
 25012 | Crypt:1  | Noticed Jory
 25022 | Crypt:1  | Killed Jory
 25022 | Crypt:1  | Noticed Zenata
 25029 | Crypt:1  | Killed Zenata
 25055 | Vaults:2 | Received a gift from Sif Muna
 25057 | Vaults:2 | Got Sif Muna's Parchment of Grim Contamination {god gift}
 25243 | Zot:1    | Entered Level 1 of the Realm of Zot
 25569 | Zot:3    | Acquired 490 gold pieces
 25599 | Zot:3    | Noticed Uneer's ghost (legendary GnFE)
 25601 | Zot:3    | Found a runed translucent door.
 25726 | Zot:5    | Entered Level 5 of the Realm of Zot
 25775 | Zot:5    | Got a prismatic gem with 178 turns to spare
 25792 | Zot:5    | Noticed a dread lich
 25794 | Zot:5    | Noticed an orb of fire
 25796 | Zot:5    | Killed a dread lich
 25800 | Zot:5    | Noticed an orb of fire
 25800 | Zot:5    | Noticed an orb of fire
 25801 | Zot:5    | Noticed an orb of fire
 25802 | Zot:5    | Gained mutation: You occasionally lose the ability to read
                  | scrolls when taking damage. [an orb of fire]
 25802 | Zot:5    | Gained mutation: You expend magic power (3 MP) to
                  | strengthen your wands. [an orb of fire]
 25803 | Zot:5    | Gained mutation: Your magical capacity is low. (-10% MP)
                  | [an orb of fire]
 25804 | Zot:5    | Gained mutation: You are very clumsy. (Dex -4) [an orb of
                  | fire]
 25806 | Zot:5    | Killed an orb of fire
 25806 | Zot:5    | Gained mutation: You are weak. (Str -2) [an orb of fire]
 25808 | Zot:5    | Killed an orb of fire
 25809 | Zot:5    | Noticed a dread lich
 25811 | Zot:5    | Killed an orb of fire
 25812 | Zot:5    | Killed an orb of fire
 25814 | Zot:5    | Noticed an orb of fire
 25817 | Zot:5    | Killed a dread lich
 25819 | Zot:5    | Killed an orb of fire
 25832 | Zot:5    | Got the Orb of Zot
 25839 | Zot:5    | Noticed a dread lich
 25843 | Zot:5    | Noticed an orb of fire
 25843 | Zot:5    | Killed a dread lich
 25860 | Abyss:6  | Found a corrupted altar of Lugonu.
 25860 | Abyss:6  | Cast into level 6 of the Abyss (unwielding a weapon of
                  | distortion)
 25880 | Abyss:6  | Found a corrupted altar of Lugonu.
 25908 | Zot:5    | Escaped the Abyss
 25917 | Zot:5    | Noticed a dread lich
 25918 | Zot:5    | Killed a dread lich
 26089 | Depths:4 | Noticed Puopaafi the pandemonium lord
 26097 | Depths:4 | Killed Puopaafi the pandemonium lord
 26210 | D:12     | Lost mutation: Armour fits poorly on your strangely shaped
                  | body. [potion of mutation]
 26210 | D:12     | Lost mutation: You expend magic power (3 MP) to strengthen
                  | your wands. [potion of mutation]
 26210 | D:12     | Lost mutation: You are weak. (Str -2) [potion of mutation]
 26210 | D:12     | Gained mutation: You are covered in fur. (AC +1) [potion of
                  | mutation]
 26210 | D:12     | Lost mutation: You are very clumsy. (Dex -4) [potion of
                  | mutation]
 26211 | D:12     | Lost mutation: You occasionally lose the ability to read
                  | scrolls when taking damage. [potion of mutation]
 26211 | D:12     | Lost mutation: You are clumsy. (Dex -2) [potion of
                  | mutation]
 26211 | D:12     | Lost mutation: You are covered in fur. (AC +1) [potion of
                  | mutation]
 26211 | D:12     | Gained mutation: You are dopey. (Int -2) [potion of
                  | mutation]
 26211 | D:12     | Gained mutation: Your magical capacity is very low. (-20%
                  | MP) [potion of mutation]
 26212 | D:12     | Lost mutation: You are mostly covered in iridescent scales.
                  | (AC +4) [potion of mutation]
 26212 | D:12     | Lost mutation: You are dopey. (Int -2) [potion of mutation]
 26212 | D:12     | Gained mutation: Your spells are a little harder to cast,
                  | but a little more powerful. [potion of mutation]
 26213 | D:12     | Lost mutation: You are partially covered in iridescent
                  | scales. (AC +2) [potion of mutation]
 26213 | D:12     | Lost mutation: Your magical capacity is very low. (-20% MP)
                  | [potion of mutation]
 26213 | D:12     | Gained mutation: You passively dampen the noise of your
                  | surroundings. [potion of mutation]
 26213 | D:12     | Gained mutation: You are weak. (Str -2) [potion of
                  | mutation]
 26213 | D:12     | Gained mutation: You occasionally shout uncontrollably at
                  | your foes. [potion of mutation]
 26213 | D:12     | Gained mutation: You are partially covered in iridescent
                  | scales. (AC +2) [potion of mutation]
 26214 | D:12     | Lost mutation: You passively dampen the noise of your
                  | surroundings. [potion of mutation]
 26214 | D:12     | Lost mutation: You occasionally shout uncontrollably at
                  | your foes. [potion of mutation]
 26215 | D:12     | Lost mutation: You are partially covered in iridescent
                  | scales. (AC +2) [potion of mutation]
 26215 | D:12     | Lost mutation: You are weak. (Str -2) [potion of mutation]
 26215 | D:12     | Gained mutation: You have hidden genetic potential. [potion
                  | of mutation]
 26215 | D:12     | Lost mutation: Your magical capacity is low. (-10% MP)
                  | [potion of mutation]
 26326 | D:5      | Found the +11 Singing Sword {sonic wave}
 26367 | D:2      | Noticed Robin
 26394 | D:1      | Noticed Gaweopt the pandemonium lord
 26399 | D:1      | Killed Gaweopt the pandemonium lord
 26418 | D:1      | gg
 26419 | D:$      | Escaped with the Orb!

Illustrated notes

#...## #.#
#.######A.####
#.......D..#.#
#..#####.#..#
#..#.......#
#..#........
#..#..#.X#.##
#..#.....#..
#..#....8#..#
#..#.^#.##..#
#.....#.....#
#.....#.....#
#####.#######
#... #####


Turn 26418 on D:1: gg

Levels and vault maps discovered:
D:1:      ebering_hopf_link, layout_basic, serial_shops,
          nicolae_shop_behind_doors
D:2:      layout_loops_ring, basic_altar, uniq_terence, uniq_natasha, uniq_robin
D:3:      layout_basic, nicolae_overflow_crystal_walls, portal_sewer_entry_f,
          ebering_ecumenical_altar_box
D:4:      layout_rooms, minmay_temple_entry_stoned_glass, serial_glass,
          glass_columns_b, glass_columns_a, glass_columns_a, glass_columns_a
D:5:      old_forge, layout_loops_ring, kennysheep_mini_moat,
          lemuel_coloured_pillars_altar, uniq_menkaure
D:6:      layout_loops_corners, kennysheep_okawaru_gauntlet,
          grunt_dithmenos_smoke, ebering_ghost_disaster_area,
          uniq_crazy_yiuf_cottage
D:7:      layout_basic, nicolae_lava_and_water, hex_intersection
D:8:      layout_gridville, gammafunk_ghost_nasty_kobolds, grunt_ministairs_12,
          minmay_misc_feat_x, uniq_erica
D:9:      layout_roguey, nicolae_hexahallways,
          nicolae_concentric_dashed_squares_wild, uniq_erolcha
D:10:     layout_roguey, kennysheep_slug_shrine, chequers_serial_rivers_micro_c,
          nicolae_evil_shop
D:11:     layout_roguey, dpeg_oklobed_lair, orc_0_dummy,
          gammafunk_ghost_necromancy
D:12:     layout_basic, minmay_hollow_rounded_squares, uniq_frances, uniq_sonja
D:13:     dreamdust_cave_troll, layout_long_grid
D:14:     layout_rooms, hellmonk_vaults_keyhole, minmay_crystal_water
D:15:     hangedman_depths_entry_try_elsewhere_first, layout_irregular_city,
          minmay_misc_feat_chi, hive_lemuel, uniq_jorgrun
Temple:   nicolae_temple_superstar
Lair:1:   layout_gridlike, nzn_masters_of_martial_movement, grunt_megastairs_1
Lair:2:   layout_regular_city, minmay_swamp_entry_worms,
          nicolae_spider_entry_tight_spaces,
          portal_ice_cave_entry_ice_simulacra, small_statue_intersection,
          infiniplex_staircase_pool_2, uniq_nergalle
Lair:3:   layout_roguey, basic_altar, st_stairs_8, lemuel_fruit_fields,
          uniq_fannar
Lair:4:   layout_cave_shapes, grunt_forest_stairs_clearing, uniq_josephine,
          uniq_kirke
Lair:5:   evilmike_catoblepas_cave, layout_regular_city,
          dpeg_slime_entry_corner, serial_bayou_shore_a, serial_bayou_shore_b
Swamp:1:  layout_falls_marsh, infiniplex_staircase_pool, swamp_pool_1_2
Swamp:2:  layout_falls_marsh, hangedman_swamp_cone,
          nicolae_swamp_decorative_isthmus
Swamp:3:  layout_falls_marsh, serial_swamp_ruin, evilmike_swamp_ruin_house_1,
          hangedman_swamp_ruin_wall, nicolae_swamp_small_spring
Swamp:4:  nzn_swamp_witches_coven, layout_basic_swamp
Spider:1: layout_spider_delve, nicolae_spider_solar_radiation
Spider:2: layout_spider_delve, uniq_arachne
Spider:3: layout_spider_delve, drop_trap
Spider:4: grunt_spider_rune_circles, spiders_nest_ghost_moth_duel
Slime:1:  cheibrodos_slime_lost_civilization_2, layout_caves,
          cheibrodos_slime_lost_civilization_7
Slime:2:  layout_caves
Slime:3:  layout_caves
Slime:4:  layout_caves
Slime:5:  slime_pit_nicolae_block_by_block
Orc:1:    layout_caves, serial_shops, nicolae_shop_getting_attention,
          lightli_church_of_beogh, uniq_maurice
Orc:2:    st_orc_mages, layout_caves
Elf:1:    minmay_elf_arrival_circle, layout_onion_city, serial_glass,
          glass_columns_a, glass_columns_a, due_unseen_surprise,
          minmay_strange_pillars, minmay_strange_pillars,
          minmay_elf_annihilation
Elf:2:    elven_hall_of_blades_hangedman_original
          [nicolae_blade_entry_diamond_columns], layout_geoelf_grid
Elf:3:    minmay_elf_hall_statues, layout_rooms, minivault_11,
          nicolae_elf_shapeshifter_party, grunt_megastairs_2
Vaults:1: nicolae_vaults_windows_and_doors_thing, v_rooms_3,
          nicolae_vaults_diamond_2, v_pattern_3, nicolae_vaults_murderbox,
          v_misc_18, nicolae_vaults_ninety_degrees, nicolae_vaults_rhombus_5,
          nicolae_vaults_wine_cellar, ontoclasm_vaults_pinch,
          nicolae_vaults_house_2, v_misc_25, nicolae_vaults_lightning_bolt,
          nicolae_vaults_octothorpe, layout_vaults_omnibox, serial_shops,
          bzr_entry_dummy
Vaults:2: nicolae_vaults_little_squares_5, v_pattern_5,
          minmay_crypt_entry_skeletal_spiral, v_misc_31, v_misc_11, v_misc_22,
          v_misc_30, nicolae_vaults_trapezoid_layered,
          nicolae_vaults_yaktaur_gun_rack, hangedman_vaults_snaps,
          vaults_dpeg_ring, layout_vaults_omnigrid
Vaults:3: hangedman_vaults_unwind, nicolae_vaults_storage_closets_3,
          vaults_dpeg_spiral, hangedman_vaults_capsules,
          ontoclasm_vaults_ring_square, nicolae_vaults_double_plus_3,
          nicolae_vaults_door_testing_chamber, v_misc_9,
          nicolae_vaults_closet_pinwheel_4, nicolae_vaults_hexular_roomagon,
          nicolae_vaults_quadrants, v_misc_24, ontoclasm_vaults_shuriken,
          layout_vaults_maze, uniq_sojobo
Vaults:4: nicolae_vaults_shipping_containers_7, nicolae_vaults_network_quincunx
          [nicolae_vaults_network_quincunx_subvault,
          nicolae_vaults_network_quincunx_subvault,
          nicolae_vaults_network_quincunx_subvault,
          nicolae_vaults_network_quincunx_subvault,
          nicolae_vaults_network_quincunx_subvault],
          nicolae_vaults_heart-shaped_vault, nicolae_vaults_closet_pinwheel_5,
          nicolae_vaults_spaceships, vaults_room_stairs_pillars,
          vaults_room_stairs_pillars, hangedman_vaults_locks,
          nicolae_vaults_stepped_doors, ontoclasm_vaults_hangar,
          ontoclasm_vaults_gateway, v_misc_16, nicolae_vaults_tetromino_Z_1,
          layout_vaults_omnicross
Vaults:5: serial_shops
Crypt:1:  layout_misc_corridors, ebering_ghost_inner_flame, minivault_26,
          minivault_4, uniq_zenata, uniq_jory, uniq_donald
Crypt:2:  layout_catacombs, minmay_misc_feat_pillars,
          serial_sigils_hangedman_snap
Crypt:3:  lightli_unholy_cathedral, layout_chaotic_city,
          tomb_entry_shell_bobbens
Tomb:1
Tomb:2
Tomb:3
Depths:1: layout_twisted_cross, grunt_mini_vestibule,
          abyss_entry_small_statue_room, zin_treasury
Depths:2: nzn_winding_woodlands_huge [nzn_winding_woodlands_5x15_pathside_ponds,
          nzn_winding_woodlands_5x15_sawtooth,
          nzn_winding_woodlands_5x15_lazy_stream,
          nzn_winding_woodlands_5x15_longhouse,
          nzn_winding_woodlands_5x15_split_checker,
          nzn_winding_woodlands_5x15_cabin, nzn_winding_woodlands_5x15_crooked,
          nzn_winding_woodlands_5x15_garden,
          nzn_winding_woodlands_5x15_sidewinder,
          nzn_winding_woodlands_5x15_zeroes,
          nzn_winding_woodlands_center_triple_pond,
          nzn_winding_woodlands_center_diamonds,
          nzn_winding_woodlands_15x15_five_gardens], layout_basic, pan_entry,
          hell_entry, serial_bayou_shore_b
Depths:3: grated_community_mu [grated_community_mu_vampire_home,
          grated_community_mu_giant_home, grated_community_mu_spellcaster_home,
          grated_community_mu_orcish_home, grated_community_mu_troll_home,
          grated_community_mu_taur_home, grated_community_mu_unbuilt_plot],
          layout_cave_pools, abyss_entry,
          hangedman_abyss_or_decor_jellyfish_corner, hell_entry,
          grunt_pan_entry_sceptre, kennysheep_underground_church
Depths:4: evilmike_zot_entry_argh, layout_gridville, enter_ziggurat_b,
          nemelex_lonely_heart_becter, hell_entry, evilmike_butchery
Hell
Dis:1:    layout_subdivisions
Dis:2:    layout_gridville, minmay_strange_pillars,
          nicolae_hells_fiendish_ambush
Dis:3:    layout_regular_city, nicolae_dis_big_boring_drill
Dis:4:    layout_regular_city, nicolae_dis_scattering
Dis:5:    layout_subdivisions
Dis:6:    layout_gridville
Dis:7:    dis_grunt_layers
Geh:1:    layout_gehenna_pools_box, nicolae_geh_niches_of_the_damned
Geh:2:    layout_gehenna_pools_box
Geh:3:    layout_gehenna_pools_triple
Geh:4:    layout_gehenna_pools_triple
Geh:5:    layout_gehenna_lava_caves
Geh:6:    layout_gehenna_pools_triple
Geh:7:    geh_grunt
Coc:1:    layout_cocytus_delve
Coc:2:    layout_ice_bergs, nicolae_hells_seeping_fissure
Coc:3:    layout_cocytus_delve
Coc:4:    layout_cocytus_water_paths
Coc:5:    layout_cocytus_delve
Coc:6:    layout_ice_bergs
Coc:7:    coc_hangedman
Tar:1:    layout_cathedral_of_symmetry
Tar:2:    nicolae_tar_funeral_procession, layout_cathedral_of_symmetry,
          nicolae_tar_cuneiform_water
Tar:3:    layout_grid_maze, evilmike_ambush [evilmike_ambush_outer_basic,
          evilmike_ambush_inner_basic]
Tar:4:    layout_honeycomb
Tar:5:    layout_cathedral_of_symmetry, nicolae_tar_cuneiform_bread
Tar:6:    layout_honeycomb
Tar:7:    tar_minmay_river
Zot:1:    layout_concentric_octagons, grunt_ministairs_5
Zot:2:    layout_gridlike, regret_index_zot_stipple_split
Zot:3:    layout_cathedral_of_symmetry, hellmonk_ghost_happy_afterlife
Zot:4:    layout_gridlike, grunt_megastairs_5
Zot:5:    layout_basic

Skill      XL: |  1  2  3  4  5  6  7  8  9 10 11 12 13 14 15 16 17 18 19 20 21 22 23 24 25 26 27 |
---------------+----------------------------------------------------------------------------------+-----
Spellcasting   | 3 4 5 6 7 9 10 12 13 17 18 19 20 22 27 | 27.0
Ice Magic      | 5 6 7 |  7.6
Summonings     | 2 3 5 9 10 12 13 14 15 17 19 21 22 | 22.0
Invocations    | 2 6 8 11 12 | 12.0
Fighting       | 2 4 5 6 10 11 14 22 | 22.2
Necromancy     | 6 7 10 13 14 17 18 | 18.0
Dodging        | 3 4 7 10 | 10.0
Evocations     | 2 |  2.0
Translocations | 4 |  4.0
Earth Magic    | 2 6 7 9 27 | 27.0
Conjurations   | 2 8 9 11 | 11.0
Shapeshifting  | 10 14 16 | 16.0
Shields        | 4 |  4.0
Fire Magic     | 14 | 14.8
Stealth        | |  2.4

Action                     |  1- 3 |  4- 6 |  7- 9 | 10-12 | 13-15 | 16-18 | 19-21 | 22-24 | 25-27 || total
---------------------------+-------+-------+-------+-------+-------+-------+-------+-------+-------++-------
  Melee: Bite              |     7 |    11 |    15 |    74 |    85 |    25 |    32 |    39 |   102 ||   390
         Unarmed           |     2 |       |       |       |       |       |       |       |       ||     2
         Club              |     9 |       |       |       |       |       |       |       |       ||     9
         Dagger            |    12 |    37 |    49 |    40 |       |       |     7 |       |    41 ||   186
         Scimitar          |       |       |       |     3 |       |       |       |       |       ||     3
         Whip              |       |       |       |   109 |     5 |       |       |       |       ||   114
         Hand axe          |       |       |       |       |    11 |       |       |       |       ||    11
         Morningstar       |       |       |       |       |   108 |       |       |       |       ||   108
         Staff             |       |       |       |       |    40 |    47 |    46 |    64 |   123 ||   320
  Throw: Dart              |       |       |       |       |       |       |     1 |       |       ||     1
   Cast: Freeze            |    21 |       |       |     3 |       |       |       |       |       ||    24
         Summon Ice Beast  |     4 |     8 |    22 |    32 |     4 |       |       |       |       ||    70
         Frozen Ramparts   |     1 |     4 |    23 |    28 |    14 |     2 |       |       |       ||    72
         Ozocubu's Armour  |       |     1 |     3 |    19 |    11 |       |       |     5 |     4 ||    43
         Animate Dead      |       |       |       |    11 |    14 |     5 |       |       |       ||    30
         Haunt             |       |       |       |       |    69 |    66 |    46 |     9 |     5 ||   195
         Borgnjor's Vile C |       |       |       |       |    33 |   155 |    83 |    60 |   260 ||   591
         Monstrous Menager |       |       |       |       |    15 |    16 |    12 |    10 |       ||    53
         Apportation       |       |       |       |       |    12 |    52 |    90 |    33 |    67 ||   254
         Infestation       |       |       |       |       |     1 |    68 |   104 |    75 |   206 ||   454
         Disjunction       |       |       |       |       |     1 |       |     1 |       |     1 ||     3
         Spellforged Servi |       |       |       |       |       |       |    37 |    26 |    36 ||    99
         Death Channel     |       |       |       |       |       |       |    16 |     3 |       ||    19
         Bombard           |       |       |       |       |       |       |    34 |    40 |     8 ||    82
         Dragon's Call     |       |       |       |       |       |       |     2 |     9 |   118 ||   129
         Passwall          |       |       |       |       |       |       |       |     2 |     2 ||     4
         Dispersal         |       |       |       |       |       |       |       |     1 |       ||     1
         Summon Horrible T |       |       |       |       |       |       |       |       |    72 ||    72
         Passage of Golubr |       |       |       |       |       |       |       |       |   239 ||   239
         Shatter           |       |       |       |       |       |       |       |       |   126 ||   126
         Ignition          |       |       |       |       |       |       |       |       |    42 ||    42
         Lehudib's Crystal |       |       |       |       |       |       |       |       |    19 ||    19
         Death's Door      |       |       |       |       |       |       |       |       |     2 ||     2
         Polar Vortex      |       |       |       |       |       |       |       |       |     1 ||     1
         Borgnjor's Revivi |       |       |       |       |       |       |       |       |     1 ||     1
 Invoke: Channel Magic     |       |       |       |     3 |    25 |    53 |    38 |    25 |   119 ||   263
         Divine Exegesis   |       |       |       |       |     4 |       |     3 |     2 |     7 ||    16
  Evoke: Wand              |       |       |     2 |     7 |     4 |     3 |     2 |     3 |    23 ||    44
         Phantom mirror    |       |       |       |       |       |       |     1 |       |     1 ||     2
    Use: Scroll            |     1 |     3 |     4 |     8 |    11 |     5 |    25 |    10 |    25 ||    92
         Potion            |       |     1 |       |     3 |     5 |     2 |     8 |     9 |    24 ||    52
   Stab: Sleeping          |       |       |     1 |       |       |       |       |       |       ||     1
         Distracted        |       |       |       |     1 |     4 |     2 |     1 |     1 |     5 ||    14
 Armour: Robe              |    25 |    39 |    30 |    16 |       |       |       |       |       ||   110
         Troll leather arm |       |       |       |   145 |   241 |   260 |   162 |       |     5 ||   813
         Skin              |       |       |       |       |       |       |    35 |   406 |  1201 ||  1642
  Dodge: Dodged            |    22 |    40 |    33 |   137 |   172 |   181 |    97 |   161 |   622 ||  1465
  Block: Buckler           |       |       |       |       |       |       |       |    78 |   340 ||   418
   Form: Statue            |       |       |       |       |       |       |     2 |     1 |     1 ||     4
                           |       |       |       |       |       |       |     1 |     1 |     1 ||     3
